 Dungeon Crawl Stone Soup version 0.23-a0-414-g0aa8dd0f38 (webtiles) character file.

1719147 Flugkiller the Acrobat (level 27, 155/155 HPs)
             Began as a Felid Chaos Knight on Nov 7, 2018.
             Was a Favourite Plaything of Xom.
             Escaped with the Orb
             ... and 3 runes on Nov 9, 2018!
             The game lasted 04:36:28 (69521 turns).

Flugkiller the Acrobat (Felid Chaos Knight)        Turns: 69521, Time: 04:36:29

Health: 155/155    AC: 12    Str: 11    XL:     27
Magic:  35/37      EV: 42    Int: 19    God:    Xom [....*.]
Gold:   7127       SH:  8    Dex: 22    Spells: 4/44 levels left
                                        Lives:  2   Deaths: 3

rFire    + + .     SeeInvis +     - Unarmed
rCold    + + .     Gourm    .   (shield unavailable)
rNeg     . . .     Faith    .   (armour unavailable)
rPois    .         Spirit   .   (helmet unavailable)
rElec    .         Reflect  +   (cloak unavailable)
rCorr    .         Harm     .   (gloves unavailable)
MR       +++++     Clarity  +   (boots unavailable)
Stlth    +++.......             R - brooch of Shielding {Reflect SH+8}
HPRegen  0.35/turn              g - +5 ring of protection
MPRegen  0.25/turn              e - ring of protection from cold

@: hasted, very quick
A: very small, no armour, no weapons or thrown items, stealth, claws 1, fangs 3,
iridescent scales 2, camouflage 1, see invisible, carnivore, clarity, clever 1,
fire resistance 2, speed 1, magic resistance 1, sense surroundings 2, robust 1,
screaming 1, shaggy fur 3, slow metabolism 1, wild magic 2, MP-powered wands,
sharp paws
0: Orb of Zot
}: 3/15 runes: decaying, serpentine, abyssal
a: Renounce Religion


You escaped.
You worshipped Xom.
You were a beloved toy of Xom.
You were not hungry.

You visited 8 branches of the dungeon, and saw 45 of its levels.
You visited the Abyss 1 time.
You also visited: Sewer, Ossuary and Ice Cave.

You collected 7372 gold pieces.
You spent 245 gold pieces at shops.

Inventory:

Jewellery
 e - a ring of protection from cold (right paw)
   (You found it on level 4 of the Dungeon)
 g - a +5 ring of protection (left paw)
   (You took it off a naga sharpshooter on level 2 of the Snake Pit)
 w - an uncursed amulet of faith
   (You took it off an orc priest on level 5 of the Dungeon)
 N - an uncursed ring of wizardry
   (You found it on level 4 of the Lair of Beasts)
 O - an uncursed amulet of guardian spirit
   (You took it off a fire giant on level 2 of the Depths)
 R - the brooch of Shielding (around neck) {Reflect SH+8}
   (You found it on level 6 of the Lair of Beasts)

   [amulet of reflection]

   It shields you and reflects attacks.
   It affects your SH (+8).
 S - a +5 ring of intelligence
   (You found it on level 6 of the Lair of Beasts)
Wands
 t - a wand of enslavement (8)
   (You found it on level 4 of the Snake Pit)
 y - a wand of iceblast (16)
   (You found it on level 9 of the Dungeon)
 B - a wand of clouds (9)
   (You took it off an orc on level 6 of the Dungeon)
 G - a wand of digging (5)
   (You found it on level 10 of the Dungeon)
 I - a wand of acid (15)
   (You found it on level 1 of the Lair of Beasts)
 J - a wand of scattershot (4)
   (You found it on level 13 of the Dungeon)
 K - a wand of disintegration (69)
   (You took it off Sonja on level 2 of the Lair of Beasts)
 P - a wand of polymorph (19)
   (You found it on level 4 of the Lair of Beasts)
 T - a wand of paralysis (21)
   (You took it off Urug on level 2 of the Orcish Mines)
Scrolls
 b - 29 scrolls of remove curse
 f - 9 scrolls of teleportation
 i - 3 scrolls of immolation
 j - 15 scrolls of amnesia
 m - 5 scrolls of holy word
 o - 4 scrolls of torment
 p - 4 scrolls of fog
 q - a scroll of summoning
 r - 4 scrolls of magic mapping
 v - 2 scrolls of blinking
 M - 19 scrolls of identify
 V - 6 scrolls of fear
Potions
 c - 4 potions of cancellation
 d - 20 potions of curing
 h - 6 potions of heal wounds
 k - a potion of agility
 l - 6 potions of ambrosia
 n - 4 potions of berserk rage
 s - 4 potions of invisibility
 u - 9 potions of brilliance
 x - 9 potions of flight
 A - 7 potions of mutation
 F - 3 potions of might
 H - 5 potions of lignification
 Q - 2 potions of magic
 U - 4 potions of haste
Miscellaneous
 C - a lightning rod (4/4)
   (You found it on level 2 of the Swamp)
 D - a phantom mirror
 W - 2 boxes of beasts
Comestibles
 a - 65 rations


   Skills:
 + Level 23.1 Fighting
 + Level 26.8 Dodging
 - Level 13.0 Stealth
 + Level 24.2 Unarmed Combat
 - Level 9.0 Spellcasting
 - Level 6.0 Conjurations
 - Level 8.0 Hexes
 - Level 3.0 Charms
 - Level 10.0 Necromancy
 - Level 3.0 Translocations
 - Level 17.0 Transmutations
 - Level 13.0 Earth Magic
 - Level 8.0 Evocations


You had 4 spell levels left.
You knew the following spells:

 Your Spells              Type           Power        Failure   Level  Hunger
a - Dragon Form           Tmut           #######...   14%         7    #######
b - Spider Form           Tmut/Pois      ######....   3%          3    None
c - Irradiate             Conj/Tmut      ######....   6%          5    #####..
d - Statue Form           Tmut/Erth      #######..    8%          6    ######.
e - Confusing Touch       Hex            ######       1%          1    None
f - Regeneration          Chrm/Necr      ######....   5%          3    None
g - Borgnjor's Vile Clut  Necr/Erth      ######....   6%          5    #####..
h - Swiftness             Chrm/Air       ###.....     16%         2    None
i - Animate Dead          Necr           N/A          4%          4    ###....
j - Summon Butterflies    Summ           ##......     19%         1    None
q - Apportation           Tloc           ####..       7%          1    None
r - Blink                 Tloc           N/A          10%         2    None

Your spell library contained the following spells:

 Spells                   Type           Power        Failure   Level  Hunger
 Animate Skeleton         Necr           N/A          1%          1    None
 Pain                     Necr           ####         1%          1    None
 Corpse Rot               Necr           N/A          1%          2    None
 Sublimation of Blood     Necr           ######....   1%          2    None
 Petrify                  Tmut/Erth      #######.     1%          4    ###....
 Slow                     Hex            ######..     2%          2    None
 Stone Arrow              Conj/Erth      ######       2%          3    None
 Vampiric Draining        Necr           ######....   2%          3    None
 Magic Dart               Conj           ####         3%          1    None
 Tukima's Dance           Hex            ######..     3%          3    None
 Leda's Liquefaction      Hex/Erth       ######....   4%          4    ###....
 Shock                    Conj/Air       ####         7%          1    None
 Ignite Poison            Fire/Tmut/Pois #####...     7%          3    None
 Shroud of Golubria       Chrm/Tloc      ####......   10%         2    None
 Throw Frost              Conj/Ice       ####..       10%         2    None
 Conjure Flame            Conj/Fire      ####....     16%         3    None
 Gell's Gravitas          Tloc           ####......   16%         3    None
 Lesser Beckoning         Tloc           ####......   16%         3    None
 Static Discharge         Conj/Air       ####....     16%         3    None
 Teleport Other           Tloc           ####....     16%         3    None
 Summon Small Mammal      Summ           ##..         19%         1    None
 Mephitic Cloud           Conj/Pois/Air  ####....     22%         3    None
 Call Imp                 Summ           ##......     24%         2    None
 Recall                   Summ/Tloc      N/A          26%         3    None
 Airstrike                Air            ##........   78%         4    ###....
 Hydra Form               Tmut           #######...   4%          6    ######.
 Alistair's Intoxication  Tmut/Pois      ######..     16%         5    #####..
 Bolt of Magma            Conj/Fire/Erth ######....   32%         5    #####..
 Death Channel            Necr           ######....   36%         6    ######.
 Iron Shot                Conj/Erth      ######....   43%         6    ######.
 Iskenderun's Battlesphe  Conj/Chrm      #####...     52%         5    #####..
 Invisibility             Hex            ######..     61%         6    ######.
 Lightning Bolt           Conj/Air       ####......   71%         5    #####..
 Venom Bolt               Conj/Pois      ####......   71%         5    #####..
 Summon Forest            Summ/Tloc      ###.......   88%         5    #####..
 Simulacrum               Ice/Necr       #####.....   93%         6    ######.
 Necromutation            Tmut/Necr      #######...   97%         8    #######
 Haunt                    Necr/Summ      #####.....   100%        7    #######
 Orb of Destruction       Conj           ######....   100%        7    #######
 Spellforged Servitor     Conj/Summ      ####......   100%        7    #######
 Summon Hydra             Summ           ##........   100%        7    #######
 Borgnjor's Revivificati  Necr           ######....   100%        8    #######
 Death's Door             Chrm/Necr      ######....   100%        8    #######
 Ignition                 Fire           ##........   100%        8    #######
 Infestation              Necr           ######....   100%        8    #######
 Shatter                  Erth           #######...   100%        9    #######
 Tornado                  Air            ##........   100%        9    #######
 Passage of Golubria      Tloc           Unusable     N/A         4    N/A

Dungeon Overview and Level Annotations

Branches:
Dungeon (15/15)            Temple (0/1) D:5            Lair (6/6) D:10
  Swamp (4/4) Lair:4        Snake (4/4) Lair:2        Slime (0/5) Lair:6
    Orc (2/2) D:12            Elf (0/3) Orc:2        Vaults (4/5) D:13
  Crypt (0/3) Vaults:2     Depths (5/5) D:15            Zot (5/5) Depths:5

Altars:
Fedhas
Hepliaklqana
Nemelex Xobeh
Qazlal
Ru
Sif Muna
Trog
Vehumet
Wu Jian
Xom
The Shining One
Beogh

Shops:
D:5 ?   D:8 *   D:10 [   D:13 }   Orc:2 *(=!   Vaults:1 (   Vaults:2 }
Vaults:4 }   Depths:2 :

Portals:
Hell: Depths:1 Depths:2 Depths:3 Depths:4 Depths:5
Abyss: Depths:2 Depths:4
Pandemonium: Depths:2 Depths:3
Ziggurat: Depths:3
Trove: Depths:5 (give 8 potions of agility)

Annotations:
D:4 3 runed doors
D:7 3 exclusions
D:10 3 runed doors, 1 exclusion, tmwh's ghost, journeyman GnAM
Lair:5 exclusion: downstairs
Lair:6 exclusion: 3 oklob plants
Swamp:1 2 runed doors, Tovvy's ghost, adept SpEn
Swamp:4 Roxanne
Vaults:4 1 runed door, Ciwnetz's ghost, adept GrEE
Depths:3 3 runed doors, Zoacs's ghost, master GrFi
Depths:4 2 runed doors
Depths:5 5 runed doors


Innate Abilities, Weirdness & Mutations

You cannot wear armour.
You are incapable of wielding weapons or throwing items.
Your paws allow you to move quietly. (Stealth)
You have sharp claws.
You have razor-sharp teeth.
You have supernaturally acute eyesight. (SInv)
You are carnivorous and can eat meat at any time.
You cover ground quickly.
Your thick and shaggy fur keeps you warm. (AC +3, rC+)
You have a slow metabolism.
Your sharp claws are effective at attacking unaware monsters.
You are mostly covered in iridescent scales. (AC +4)
Your skin changes colour to match your surroundings (Stealth+).
You possess an exceptional clarity of mind.
Your mind is acute. (Int +2)
Your flesh is very heat resistant. (rF++)
You are resistant to hostile enchantments. (MR+)
You passively map the area around you.
You are robust. (+10% HP)
You occasionally shout uncontrollably at your foes.
Your spells are harder to cast, but more powerful.
You expend magic power (3 MP) to strengthen your wands.


Message History

You kill the goblin!
The goblin closely misses you.
Robin roars a battlecry!
The goblins go into a battle-frenzy!
You claw the hobgoblin!
You kill the hobgoblin!
You maul the hobgoblin!!!!
You kill the hobgoblin!
The goblin completely misses you.
You maul the goblin!!!
You kill the goblin!
You maul the goblin!!!!
You kill the goblin!
You maul the goblin!!!!
You kill the goblin!
You maul the goblin!!!!
You kill the goblin!
You block Robin's attack.
Things that are here:
a war axe; a goblin corpse You maul Robin!!!
You kill Robin!
Things that are here:
a +4 short sword of speed; a +0 animal skin; a +0 helmet You maul the goblin!!!!
You kill the goblin!
No target in view!
No target in view!
Your transformation has ended.
(D) Dungeon (T) Temple (L) Lair (S) Swamp (P) Snake Pit (M) Slime Pits (O) Orcish Mines (E) Elven Halls (V) Vaults (C) Crypt (U) Depths (H) Hell (Z) Zot
Where to? (Enter - D:1 @ (x,y), ? - help)
There is a stone staircase leading up here.
You climb upwards.
There is a stone staircase leading down here.
A tormentor comes into view.
You hiss at the tormentor!
Unknown command.
You feel yourself speed up.
As you read the scroll of fog, it crumbles to dust.
The scroll dissolves into smoke.
A smoke demon comes into view.
The smoke demon moves out of view.
There is an open door here.
An Orb Guardian comes into view.
There is a staircase leading out of the dungeon here.
Enter note: gg You have escaped!

......#...##...##...##...#
......#..####..##..####..#
......#..####..##..####..#
......#...##...##...##...#
####..#..................#
..##..##................##
..##..#######..##..######
..###.#######..##..######
......##........@.......#########
....#.#..................#.......
....#.#...##...##...##...#.######
....#.#..####..##..####..#......#
....#.#..####..##..####..######.#
....#.#...##...##...##...#...##.#
......#.......X##........#.####.#
......#'......####......'#......#
......3######### ########.#######


There were no monsters in sight!

Vanquished Creatures
  5 orbs of fire (Zot:5)
  3 ancient liches (Zot:5)
  Sojobo (Vaults:2)
  Margery (Vaults:3)
  3 caustic shrikes
  8 Killer Klowns
  Vashnia (Snake:2)
  A curse toe (Zot:4)
  A profane servitor (Depths:2)
  15 golden dragons
  2 electric golems (Zot:5)
  7 bone dragons
  A hellephant (Zot:2)
  A Hell Sentinel (Abyss:3)
  The ghost of dricus the Warrior, an adept BaIE of Cheibriados (Vaults:2)
  Rupert (Snake:1)
  16 tentacled monstrosities
  22 large abominations
  7 liches
  26 Orb Guardians
  10 quicksilver dragons
  Asterion (Snake:3)
  3 titans
  An Executioner (D:2)
  10 death cobs
  6 tentacled starspawn
  5 sphinxes
  Frances (Snake:1)
  4 tengu reavers
  2 thorn hunters
  A draconian monk (Zot:5)
  11 shadow dragons
  15 storm dragons
  7 ghost moths
  8 frost giants
  7 nagarajas (Snake:4)
  8 draconian scorchers
  8 vault wardens
  7 fire giants
  2 balrugs (Abyss:3)
  A cacodemon (Abyss:3)
  Louise (D:14)
  A deep elf sorcerer (Abyss:3)
  An iron dragon (Depths:2)
  7 draconian knights
  6 draconian shifters
  The ghost of oberejnoburuli the Destroyer, a journeyman DrCj of Sif Muna (Lair:6)
  An emperor scorpion (Depths:5)
  2 spriggan defenders (Vaults:2)
  14 draconian annihilators
  3 draconian stormcallers
  9 ironheart preservers
  2 reapers
  17 very ugly things
  The ghost of Oppylety the Bludgeoner, a journeyman GrFi of Okawaru (Lair:4)
  10 black draconians
  11 stone giants
  7 vampire knights
  2 deep elf annihilators
  16 green draconians
  12 yellow draconians
  5 entropy weavers
  2 deep elf demonologists
  23 purple draconians
  A lorocyproca (Abyss:3)
  7 spark wasps
  2 minotaurs
  22 white draconians
  10 red draconians
  9 ettins
  2 blizzard demons
  Snorg (Orc:1)
  A crystal guardian (Vaults:3)
  Josephine (Orc:2)
  17 fire dragons
  A deep elf high priest (Vaults:4)
  10 rakshasas
  16 yaktaur captains
  Fannar (Lair:2)
  15 ice dragons
  7 great orbs of eyes
  19 naga warriors
  15 hydras
  4 vault guards
  A shambling mangrove (Swamp:2)
  4 spriggan air magi
  7 ghost crabs
  An alligator snapping turtle (Depths:3)
  6 anacondas
  4 death knights
  10 centaur warriors
  18 ogre magi
  2 satyrs
  43 two-headed ogres
  An alligator (shapeshifter) (Depths:1)
  3 vampire magi (Depths:4)
  4 tengu warriors
  3 deep troll shamans
  16 alligators
  8 deep troll earth magi
  A queen ant (D:13)
  Urug (Orc:2)
  4 spriggan berserkers
  4 hell hogs (D:8)
  5 thrashing horrors (Abyss:3)
  8 shock serpents
  14 hell knights
  22 naga sharpshooters
  Sonja (Lair:2)
  2 soul eaters (Abyss:3)
  4 deep elf knights
  4 fire crabs
  2 skeletal warriors (D:14)
  4 spatial maelstroms (Abyss:3)
  3 shadow wraiths
  15 small abominations
  4 salamander mystics
  A cherub (Depths:5)
  4 wretched stars (Abyss:3)
  9 unseen horrors
  An unseen horror (shapeshifter) (D:15)
  17 deep trolls
  3 naga ritualists
  8 swamp dragons
  4 deep elf archers
  3 spriggan druids (Swamp:4)
  4 glowing orange brains
  A sea snake (shapeshifter) (Depths:5)
  2 spectral hydras (Swamp:4)
  3 flayed ghosts
  13 ironbrand convokers
  8 harpies
  A wizard (Vaults:3)
  A tengu zombie (Vaults:4)
  7 phantasmal warriors
  A sphinx zombie (Vaults:4)
  19 orc knights
  An orange crystal statue (Depths:1)
  A wolf spider zombie (D:15)
  Pikel (D:6)
  A lindwurm (shapeshifter) (Vaults:4)
  8 necromancers
  A mana viper (shapeshifter) (Snake:3)
  13 cyclopes
  4 deep elf magi
  29 ugly things
  14 salamanders
  A frost giant zombie (Abyss:3)
  6 mana vipers
  A sphinx skeleton (Vaults:4)
  5 wolf spiders
  A wolf spider (shapeshifter) (Depths:2)
  8 manticores
  An oklob plant (Swamp:4)
  24 moths of wrath
  5 vault sentinels
  An elephant (D:15)
  An elephant (shapeshifter) (Depths:3)
  3 worldbinders
  An iron dragon skeleton (Abyss:3)
  A guardian serpent (Snake:3)
  The ghost of twirl the Cleaver, a novice MiBe of Trog (D:4)
  29 naga magi
  A rust devil (D:4)
  5 ice statues (IceCv)
  An apocalypse crab (Lair:3)
  22 black mambas
  4 smoke demons
  2 orange demons
  30 spiny frogs
  5 gargoyles
  2 hellions
  2 kobold demonologists
  3 rime drakes
  2 ice devils
  72 yaktaurs
  A torpor snail (Lair:6)
  A demonic crawler (Abyss:3)
  2 yaktaurs (shapeshifter)
  2 efreet (Abyss:3)
  9 freezing wraiths
  An anaconda simulacrum (IceCv)
  5 komodo dragons
  3 swamp worm zombies (Swamp:4)
  A tormentor (Abyss:3)
  3 hellwings
  6 ancient zymes (Abyss:3)
  A wind drake (shapeshifter) (D:15)
  7 tengu conjurers
  6 red devils
  A yaktaur skeleton (Vaults:4)
  A troll (shapeshifter) (D:13)
  3 meliai (shapeshifter)
  9 tyrant leeches
  10 trolls
  A polar bear (shapeshifter) (Vaults:1)
  11 hornets
  3 hydra zombies (Swamp:4)
  21 blink frogs
  8 bog bodies
  16 raiju (Abyss:3)
  9 hippogriffs
  4 spectral swamp dragons (Swamp:4)
  7 alligator zombies (Swamp:4)
  11 slime creatures
  3 dream sheep
  A frost giant simulacrum (Abyss:3)
  10 wraiths
  5 wyverns
  2 ettin skeletons (Vaults:4)
  5 ynoxinuls
  4 spriggans
  7 shadows
  2 dire elephant simulacra (IceCv)
  3 redbacks (Vaults:4)
  2 vampires
  2 water elementals (Depths:1)
  8 fire bats
  A wyvern (shapeshifter) (D:14)
  6 neqoxecs
  37 yaks
  A hog (shapeshifter) (D:13)
  8 basilisks
  A human (shapeshifter) (Vaults:3)
  3 chaos spawn (Abyss:3)
  5 hungry ghosts
  3 iron troll simulacra (IceCv)
  40 nagas
  25 vampire mosquitoes
  2 human zombies (Vaults:4)
  A swamp worm (shapeshifter) (Depths:4)
  A soldier ant (shapeshifter) (Depths:2)
  4 acid dragons
  16 insubstantial wisps
  A harpy simulacrum (IceCv)
  3 spatial vortices
  2 soldier ants
  10 wargs
  14 swamp worms
  11 porcupines
  A hydra simulacrum (IceCv)
  5 water moccasins
  3 hell hounds (Depths:4)
  A swamp drake (shapeshifter) (Sewer)
  Purgy (Sewer)
  48 orc warriors
  3 sky beasts
  7 swamp drakes
  3 slaves
  A snapping turtle zombie (Abyss:1)
  3 black bears
  An alligator simulacrum (Abyss:1)
  13 ice beasts
  4 swamp dragon zombies (Swamp:4)
  An eye of draining (D:11)
  20 starcursed masses (Abyss:3)
  A necrophage (D:6)
  An ogre (shapeshifter) (Lair:3)
  12 phantoms
  An elf skeleton (Vaults:4)
  28 ogres
  4 wolves (Lair:2)
  11 boggarts
  5 centaurs
  10 crocodiles
  9 big kobolds
  26 bullfrogs
  A glowing shapeshifter simulacrum (Vaults:3)
  A merfolk simulacrum (Abyss:3)
  Dowan (D:7)
  4 gnoll sergeants (D:12)
  5 scorpions
  A killer bee (Orc:2)
  5 wights
  3 howler monkeys
  5 electric eels
  19 crimson imps
  2 lava snakes (Lair:4)
  2 centaur zombies
  6 quasits
  2 bullfrog zombies (D:8)
  A hound (shapeshifter) (Depths:4)
  5 hounds
  15 orc priests
  7 jellies
  6 centaur skeletons
  An iron imp (Depths:3)
  25 orc wizards
  3 iguanas
  Jessica (D:3)
  4 bullfrog skeletons
  A spectral swamp drake (Swamp:4)
  10 worker ants
  2 hound skeletons (D:9)
  A hound zombie (D:5)
  2 mummies
  Robin (D:2)
  A howler monkey skeleton (D:9)
  A swamp drake zombie (Swamp:4)
  10 adders
  3 gnolls (D:12)
  A river rat (Lair:6)
  A shadow imp (D:5)
  A white imp (Abyss:3)
  5 ufetubi
  2 adder skeletons
  2 worms
  2 dart slugs
  10 leopard geckos
  92 orcs
  3 ball pythons
  8 bats
  4 giant cockroaches
  15 goblins
  8 hobgoblins
  5 jackals
  11 quokkas
  8 frilled lizards
  4 gnoll skeletons (Ossuary)
  A goblin zombie (D:8)
  12 kobolds
  7 kobold skeletons (Ossuary)
  A kobold zombie (D:8)
  14 orc skeletons (Ossuary)
  3 quokka skeletons (D:6)
  9 rats
  A briar patch (Swamp:4)
  A plant (Lair:2)
  2 starspawn tentacles (Abyss:3)
2233 creatures vanquished.

Vanquished Creatures (collateral kills)
  An ancient lich (Zot:5)
  A golden dragon (Zot:3)
  A lich (Depths:3)
  A tentacled monstrosity (Zot:5)
  A quicksilver dragon (Zot:4)
  A draconian monk (Zot:3)
  An ironheart preserver (Vaults:4)
  2 draconian shifters (Zot:4)
  A stone giant (Depths:3)
  A black draconian (Zot:3)
  5 purple draconians
  A yellow draconian (Zot:5)
  A great orb of eyes (Depths:3)
  A hydra (Lair:6)
  A two-headed ogre (Vaults:2)
  A spriggan druid (Swamp:3)
  A sea snake (Snake:1)
  A moth of wrath (Zot:3)
  2 black mambas
  A gargoyle (D:15)
  An orange demon (Abyss:3)
  A spiny frog (Lair:6)
  A naga mage (Snake:4)
  A smoke demon (Abyss:3)
  2 yaktaurs (Depths:3)
  A red devil (Abyss:3)
  A dream sheep (Lair:5)
  A blink frog (Lair:6)
  3 yaks
  A fire bat (Abyss:3)
  A chaos spawn (Abyss:3)
  A vampire mosquito (Swamp:3)
  A hydra simulacrum (IceCv)
  A porcupine (Lair:4)
  A water moccasin (Lair:6)
  5 orc warriors
  3 ogres
  A black bear (D:6)
  3 bullfrogs
  2 crimson imps
  An iguana (D:6)
  5 orcs
  A fungus (Lair:6)
65 creatures vanquished.

Vanquished Creatures (others)
  A death cob (Zot:1)
  A vampire knight (Depths:5)
  A yaktaur captain (Depths:5)
  2 ogre magi
  A hydra (Swamp:4)
  A centaur warrior (Depths:1)
  9 dancing weapons
  A large abomination (Abyss:3)
  2 deep elf archers
  2 naga ritualists
  A wolf spider (Vaults:1)
  A cyclops (Vaults:1)
  A moth of wrath (Zot:5)
  A black mamba (Snake:4)
  3 yaktaurs
  A dream sheep (Lair:5)
  3 yaks (Lair:3)
  A fire bat (Abyss:3)
  A hog (shapeshifter) (Abyss:3)
  A chaos spawn (Abyss:3)
  An insubstantial wisp (Swamp:4)
  A swamp worm (Swamp:4)
  An acid dragon (Vaults:1)
  5 ogres
  A boggart (Vaults:1)
  An orc priest (Vaults:1)
  An orc (Vaults:1)
  14 fungi
  44 plants
  8 starspawn tentacles
112 creatures vanquished.

Grand Total: 2410 creatures vanquished

Notes
Turn   | Place    | Note
-------+----------+-------------------------------------------
     0 | D:1      | Flugkiller the Felid Chaos Knight began the quest for the
                  | Orb.
     0 | D:1      | Reached XP level 1. HP: 10/10 MP: 2/2
   277 | D:1      | Reached XP level 2. HP: 13/14 MP: 3/3
   503 | D:1      | XOM: harmless Conj miscast
   612 | D:2      | XOM: noise
   712 | D:2      | Noticed Robin
   865 | D:2      | Reached XP level 3. HP: 17/17 MP: 4/4
   872 | D:2      | XOM: god gift: scroll labeled YCLIZI BELEJO {god gift}
   962 | D:2      | XOM: silly message
  1017 | D:2      | XOM: 1-stop teleportation journey
  1113 | D:2      | Found a radiant altar of Vehumet.
  1127 | D:2      | XOM: silly message
  1300 | D:3      | XOM: cloud trail
  1316 | D:3      | XOM: give mutation
  1316 | D:3      | Gained mutation: You have a pair of small horns on your
                  | head. [Xom's grace]
  1497 | D:3      | Found a stormy altar of Qazlal.
  1606 | D:3      | Found a sacrificial altar of Ru.
  1646 | D:3      | XOM is BORED!
  1646 | D:3      | XOM: give mutations
  1646 | D:3      | Gained mutation: You are resistant to hostile enchantments.
                  | (MR+) [Xom's mischief]
  1646 | D:3      | Gained mutation: Your flesh is heat resistant. (rF+) [Xom's
                  | mischief]
  1646 | D:3      | Gained mutation: You occasionally shout uncontrollably at
                  | your foes. [Xom's mischief]
  1705 | D:3      | Noticed Jessica
  1724 | D:3      | Killed Jessica
  1724 | D:3      | Reached skill level 5 in Unarmed Combat
  1724 | D:3      | Reached skill level 1 in Evocations
  1724 | D:3      | Reached XP level 4. HP: 19/21 MP: 5/5
  1790 | D:3      | XOM: scenery: 1 doors open
  2110 | D:3      | XOM: give mutations
  2110 | D:3      | Gained mutation: You have a somewhat thin skeletal
                  | structure. (Dex +2, Stealth) [Xom's grace]
  2110 | D:3      | Gained mutation: You passively map a small area around you.
                  | [Xom's grace]
  2553 | D:4      | XOM: enchant monster (good)
  2555 | D:4      | Reached skill level 4 in Dodging
  2555 | D:4      | Reached XP level 5. HP: 24/24 MP: 7/7
  2576 | D:4      | Found a glowing drain.
  2586 | Sewer    | XOM: noise
  2586 | Sewer    | Entered a sewer
  2661 | Sewer    | Noticed Purgy
  2663 | Sewer    | XOM: polymorph frilled lizard -> adder
  2667 | Sewer    | Noticed a tengu
  2667 | Sewer    | a jelly changed into a tengu
  2669 | Sewer    | Noticed a steam dragon
  2669 | Sewer    | a tengu changed into a steam dragon
  2670 | Sewer    | XOM: enchant monster (good)
  2672 | Sewer    | Noticed a naga
  2672 | Sewer    | a steam dragon changed into a naga
  2679 | Sewer    | XOM: fog
  2695 | Sewer    | Killed Purgy
  2695 | Sewer    | Reached skill level 5 in Dodging
  2715 | Sewer    | Noticed a boggart
  2718 | Sewer    | Noticed a swamp drake
  2718 | Sewer    | a boggart changed into a swamp drake
  2721 | Sewer    | Killed a swamp drake
  2721 | Sewer    | Gained mutation: You are covered in thick fur. (AC +2)
                  | [Felid growth]
  2721 | Sewer    | Reached XP level 6. HP: 13/28 MP: 8/10
  2928 | D:4      | XOM: 5-stop teleportation journey
  2948 | D:4      | XOM: fog
  3062 | D:4      | XOM: god gift: leatherbound book {god gift}
  3064 | D:4      | HOLY SHIT
  3192 | D:4      | Found a sparkling altar of Nemelex Xobeh.
  3308 | D:4      | Reached skill level 5 in Evocations
  3387 | D:4      | XOM is BORED!
  3387 | D:4      | XOM: medium Erth miscast
  3560 | D:4      | XOM: god gift: scroll labeled SOTYZU CEEGIL {god gift}
  3659 | D:4      | XOM: give mutations
  3659 | D:4      | Gained mutation: Your thick and shaggy fur keeps you warm.
                  | (AC +3, rC+) [Xom's grace]
  3659 | D:4      | Gained mutation: Your system is resistant to poisons.
                  | (rPois) [Xom's grace]
  3695 | D:4      | XOM: divination: magic mapping
  3744 | D:4      | Found a runed gate.
  3745 | D:4      | Found a runed gate.
  3746 | D:4      | Found a runed gate.
  3748 | D:4      | Noticed twirl's ghost (novice MiBe)
  3749 | D:4      | XOM: scenery: 3 doors open
  3750 | D:4      | You mother fucker
  3792 | D:4      | XOM: summons friendly white imp
  3796 | D:4      | XOM: butterfly on damage
  3900 | D:5      | Entered Level 5 of the Dungeon
  3992 | D:5      | XOM: divination: magic mapping
  4056 | D:5      | Noticed a sky beast
  4069 | D:5      | XOM: potion effect (berserk rage)
  4070 | D:5      | not nowww
  4168 | D:4      | XOM: fog
  4171 | D:4      | XOM: summons friendly crimson imp
  4180 | D:4      | XOM: polymorph crimson imp -> iron imp
  4185 | D:4      | XOM: enchant monster (good)
  4193 | D:4      | Killed twirl's ghost
  4193 | D:4      | Reached skill level 6 in Dodging
  4193 | D:4      | Reached XP level 7. HP: 31/31 MP: 11/11
  4194 | D:4      | wow
  4211 | D:4      | XOM: harmless Chrm miscast
  4287 | D:5      | XOM: polymorph sky beast -> big kobold
  4294 | D:5      | XOM: summons friendly quasit
  4724 | D:5      | XOM: enchant monster (good)
  4739 | D:5      | XOM: cloud trail
  4762 | D:5      | Reached XP level 8. HP: 35/36 MP: 12/12
  4968 | D:5      | XOM: god gift: 22 arrows
  5007 | D:5      | XOM: cast spell 'Disjunction'
  5100 | D:5      | Found Atixas Kiawe's Magic Scroll Boutique.
  5100 | D:5      | Found a staircase to the Ecumenical Temple.
  5137 | D:5      | Bought a scroll of blinking for 97 gold pieces
  5174 | D:5      | Reached skill level 7 in Dodging
  5358 | D:5      | XOM: divination: detect creatures
  5448 | D:5      | Reached skill level 5 in Fighting
  5769 | D:5      | XOM is BORED!
  5769 | D:5      | XOM: mild Ice miscast
  5919 | D:6      | Noticed Pikel
  5928 | D:6      | XOM: summons friendly white imp
  5934 | D:5      | I'm dumb
  5941 | D:5      | XOM: enchant monster (bad)
  6127 | D:4      | XOM: noise
  6137 | D:5      | XOM: cast spell 'Necromutation'
  6139 | D:5      | XOM: summons friendly crimson imp
  6189 | D:6      | Reached skill level 8 in Dodging
  6221 | D:6      | XOM: confuse monster(s)
  6228 | D:6      | XOM: confusion (+ monsters)
  6230 | D:6      | XOM: summons 4 hostile demons
  6258 | D:6      | XOM: enchant monster (bad)
  6277 | D:6      | XOM: harmless Necr miscast
  6288 | D:6      | Killed Pikel
  6288 | D:6      | Reached XP level 9. HP: 21/40 MP: 13/13
  6297 | D:6      | Learned a level 7 spell: Dragon Form
  6406 | D:6      | XOM: harmless Summ miscast
  6423 | D:6      | XOM: summons 8 friendly demons
  6476 | D:6      | XOM: noise
  6480 | D:6      | XOM: noise
  6497 | D:6      | XOM: noise
  6528 | D:6      | XOM: mild Erth miscast
  6722 | D:6      | XOM: summons friendly white imp
  6728 | D:6      | XOM: confuse monster(s)
  6729 | D:6      | Reached skill level 1 in Transmutations
  6743 | D:6      | XOM: harmless Tloc miscast
  6762 | D:6      | Reached skill level 1 in Spellcasting
  6776 | D:6      | XOM: confuse monster(s)
  6893 | D:6      | XOM: blink monster(s)
  7112 | D:6      | XOM: divination: detect creatures
  7132 | D:6      | XOM: polymorph crocodile -> hornet
  7344 | D:7      | Noticed Dowan
  7475 | D:7      | Found a blossoming altar of Fedhas.
  7475 | D:7      | XOM: 2-stop teleportation journey
  7736 | D:7      | XOM: summons 4 hostile demons
  7746 | D:7      | XOM: medium Tmut miscast
  7746 | D:7      | XOM: butterfly on damage
  7758 | D:7      | XOM: smoke on damage
  7787 | D:7      | Gained mutation: You are frail. (-10% HP) [mutagenic glow]
  7823 | D:7      | XOM: 2-stop teleportation journey
  7839 | D:6      | Gained mutation: Your magical capacity is low. (-10% MP)
                  | [mutagenic glow]
  8032 | D:7      | XOM: mild Summ miscast
  8077 | D:7      | XOM: harmless Air miscast
  8109 | D:7      | XOM: smoke on damage
  8316 | D:7      | XOM: cast spell 'Leda's Liquefaction'
  8331 | D:7      | XOM: noise
  8730 | D:7      | Noticed Duvessa
  8755 | D:7      | XOM: silly message
  8810 | D:7      | XOM: divination: magic mapping
  8857 | D:7      | Found an ornate altar of the Wu Jian Council.
  8898 | D:7      | XOM: noise
  8906 | D:7      | XOM: noise
  8920 | D:7      | Noticed Duvessa
  8920 | D:7      | Duvessa changed into Duvessa the fire bat
  8920 | D:7      | XOM: polymorph Duvessa -> Duvessa the fire bat
  8932 | D:7      | Killed Duvessa the fire bat
  8933 | D:7      | Noticed Joseph
  9124 | D:7      | Noticed Joseph
  9124 | D:7      | Joseph changed into Joseph the meliai
  9124 | D:7      | XOM: polymorph Joseph -> Joseph the meliai
  9135 | D:7      | Killed Joseph the meliai
  9135 | D:7      | Reached skill level 5 in Transmutations
  9173 | D:7      | Killed Dowan
  9239 | D:7      | Found a deep blue altar of Sif Muna.
  9441 | D:8      | Reached XP level 10. HP: 30/40 MP: 16/16
  9457 | D:8      | Found a sand-covered staircase.
  9464 | Ossuary  | Entered an ossuary
  9484 | Ossuary  | XOM: blink monster(s)
  9695 | Ossuary  | XOM: harmless Necr miscast
  9800 | Ossuary  | XOM: harmless Necr miscast
  9864 | Ossuary  | XOM: medium Air miscast
  9920 | Ossuary  | XOM: severe Fire miscast
 10014 | Ossuary  | XOM: give mutation
 10014 | Ossuary  | Gained mutation: You expend magic power (3 MP) to
                  | strengthen your wands. [Xom's grace]
 10197 | D:8      | XOM: scenery: 2 doors close
 10202 | D:8      | XOM: divination: detect creatures
 10205 | D:8      | XOM: confuse monster(s)
 10238 | D:8      | XOM: butterfly on damage
 10241 | D:8      | XOM: confusion
 10247 | D:8      | XOM: enchant monster (good)
 10317 | D:7      | XOM: god gift: ration
 10330 | D:8      | XOM: cleaving
 10553 | D:8      | Found Baxu's Elemental Accessories.
 10603 | D:8      | XOM: enchant monster (good)
 10999 | D:8      | XOM: 2-stop teleportation journey
 11115 | D:8      | XOM: give mutation
 11115 | D:8      | Gained mutation: You are highly resistant to hostile
                  | enchantments. (MR++) [Xom's grace]
 11138 | D:8      | Found a shimmering altar of Xom.
 11151 | D:8      | Reached skill level 9 in Dodging
 11156 | D:8      | XOM: harmless Air miscast
 11158 | D:8      | XOM: divination: magic mapping
 11244 | D:8      | XOM: mild Air miscast
 11464 | D:9      | XOM: harmless Summ miscast
 11520 | D:9      | XOM: 3-stop teleportation journey
 11753 | D:9      | XOM: scenery: 1 doors close
 11891 | D:9      | Reached skill level 10 in Dodging
 11898 | D:9      | Reached skill level 10 in Unarmed Combat
 11968 | D:9      | XOM: mild Erth miscast
 12039 | D:9      | XOM: 4-stop teleportation journey
 12044 | D:9      | Found a hazy altar of Hepliaklqana.
 12047 | D:9      | XOM: cast spell 'Ring of Flames'
 12232 | D:9      | XOM: divination: detect creatures
 12636 | D:10     | Entered Level 10 of the Dungeon
 12806 | D:10     | XOM: harmless Chrm miscast
 12808 | D:10     | wow
 12820 | D:10     | XOM: harmless Fire miscast
 12833 | D:10     | XOM: cast spell 'Summon Small Mammal'
 12881 | D:10     | Noticed a two-headed ogre
 12885 | D:10     | XOM: cast spell 'Leda's Liquefaction'
 12886 | D:10     | XOM: noise
 12908 | D:9      | XOM: mild Fire miscast
 12954 | D:10     | XOM: cloud trail
 13000 | D:10     | XOM: harmless Air miscast
 13062 | D:10     | Noticed an unseen horror
 13065 | D:10     | XOM: divination: detect creatures
 13070 | D:10     | Killed an unseen horror
 13070 | D:10     | Reached XP level 11. HP: 44/45 MP: 17/17
 13125 | D:10     | XOM: harmless Tloc miscast
 13242 | D:10     | Found a staircase to the Lair.
 13272 | D:10     | Found a runed gate.
 13273 | D:10     | Noticed tmwh's ghost (journeyman GnAM)
 13274 | D:10     | Found a runed gate.
 13274 | D:10     | Found a runed gate.
 13359 | D:10     | Found Idurav's Antique Armour Emporium.
 13396 | D:10     | XOM: potion effect (invisibility)
 13397 | D:10     | Reached skill level 11 in Dodging
 13612 | Lair:1   | Entered Level 1 of the Lair of Beasts
 13654 | Lair:1   | Reached skill level 1 in Stealth
 13658 | Lair:1   | XOM: divination: magic mapping
 13668 | Lair:1   | XOM: noise
 13672 | Lair:1   | XOM: confuse monster(s)
 13914 | Lair:1   | XOM: noise
 14212 | Lair:1   | XOM: smoke on damage
 14292 | Lair:1   | XOM: cloud trail
 14314 | Lair:1   | XOM: harmless Chrm miscast
 14410 | Lair:1   | XOM: cloud trail
 14424 | Lair:1   | XOM: god gift: potion of curing
 14436 | Lair:1   | XOM: harmless Erth miscast
 14439 | Lair:1   | Reached skill level 5 in Stealth
 14539 | Lair:1   | XOM: god gift: 10 stones
 14710 | Lair:2   | Found a staircase to the Snake Pit.
 14858 | Lair:2   | XOM: harmless Erth miscast
 14900 | Lair:2   | XOM: noise
 14910 | Lair:2   | XOM: cloud trail
 14919 | Lair:2   | Reached skill level 5 in Spellcasting
 14937 | Lair:2   | XOM: cast spell 'Shadow Creatures'
 14961 | Lair:2   | XOM: divination: detect items
 14984 | Lair:2   | Noticed Sonja
 14989 | Lair:2   | XOM: summons friendly quasit
 14995 | Lair:2   | Killed Sonja
 15050 | Lair:2   | XOM: scenery: create altars
 15077 | Lair:2   | XOM: divination: detect items
 15163 | Lair:2   | XOM: enchant monster (bad)
 15166 | Lair:2   | XOM: summons friendly ufetubus
 15170 | Lair:2   | XOM: fog
 15176 | Lair:2   | XOM: scenery: create altars
 15196 | Lair:2   | XOM: divination: detect items
 15210 | Lair:2   | XOM: divination: magic mapping
 15239 | Lair:2   | XOM: mild Ice miscast
 15318 | Lair:2   | Noticed Fannar
 15318 | Lair:2   | XOM: destruction
 15328 | Lair:2   | XOM: enchant monster (good)
 15330 | Lair:2   | Killed Fannar
 15779 | Lair:3   | XOM: cloud trail
 15796 | Lair:3   | Found a runed door.
 15876 | Lair:3   | Found a labyrinth entrance.
 16002 | Lair:3   | XOM: divine lightning
 16355 | Lair:4   | XOM: scenery: create altars
 16359 | Lair:4   | XOM: fog
 16367 | Lair:3   | XOM: scenery: create altars
 16391 | Lair:3   | XOM is BORED!
 16459 | Lair:3   | XOM: god gift: ruby ring {god gift}
 16472 | Lair:3   | XOM: summons 11 friendly demons
 16500 | Lair:3   | Reached skill level 10 in Transmutations
 16500 | Lair:3   | Mutation became permanent: You are covered in thick fur.
                  | (AC +2) [Felid growth]
 16500 | Lair:3   | Gained mutation: Your thick and shaggy fur keeps you warm.
                  | (AC +3, rC+) [Felid growth]
 16500 | Lair:3   | Reached XP level 12. HP: 48/49 MP: 18/18
 16538 | Lair:4   | Noticed Oppylety's ghost (journeyman GrFi)
 16540 | Lair:4   | Found a runed gate.
 16541 | Lair:4   | Found a runed gate.
 16541 | Lair:4   | Found a runed gate.
 16564 | Lair:4   | Noticed a five-headed hydra
 16660 | Lair:4   | Found a staircase to the Swamp.
 16667 | Lair:4   | XOM: 6-stop teleportation journey
 16720 | Lair:4   | XOM: butterfly on damage
 16741 | Lair:4   | XOM: confuse monster(s)
 16742 | Lair:4   | XOM: 3-stop teleportation journey
 16752 | Lair:4   | XOM: summons 12 friendly demons
 16899 | Lair:4   | XOM: enchant monster (bad)
 16915 | Lair:4   | XOM: stat loss: -1 Str (11/12)
 17089 | Lair:4   | XOM: divination: magic mapping
 17095 | Lair:4   | XOM: swap monsters
 17103 | Lair:4   | XOM: noise
 17105 | Lair:4   | XOM: summons friendly iron imp
 17116 | Lair:4   | XOM: summons friendly quasit
 17121 | Lair:4   | XOM: summons friendly white imp
 17267 | Lair:4   | XOM: summons friendly white imp
 17461 | Lair:3   | XOM: harmless Air miscast
 17713 | Lair:4   | XOM: divination: detect creatures
 17717 | Lair:4   | XOM: enchant monster (bad)
 17729 | Lair:4   | XOM: cast spell 'Summon Butterflies'
 17743 | Lair:4   | XOM: confuse monster(s)
 17746 | Lair:4   | XOM: harmless Necr miscast
 17747 | Lair:4   | Killed a five-headed hydra
 17772 | Lair:4   | XOM: silly message
 17781 | Lair:4   | XOM: chaos cloud
 18071 | Lair:4   | XOM: harmless Tloc miscast
 18074 | Lair:4   | XOM: polymorph yak -> shapeshifter
 18076 | Lair:4   | XOM: repel stairs
 18080 | Lair:4   | XOM: summons 1 hostile demon
 18092 | Lair:4   | XOM: mild Hex miscast
 18247 | Lair:4   | XOM: confusion
 18250 | Lair:4   | XOM: confuse monster(s)
 18268 | Lair:4   | Reached skill level 12 in Dodging
 18341 | Lair:5   | Identified Xom's Incunabulum of the Shrike (Xom gifted it
                  | to you on level 5 of the Lair of Beasts)
 18341 | Lair:5   | XOM: god gift: Xom's Incunabulum of the Shrike
 18347 | Lair:5   | Learned a level 3 spell: Spider Form
 18504 | Lair:5   | XOM: fog
 18721 | Lair:3   | XOM: divination: detect items
 18727 | Lair:3   | XOM: mild Tmut miscast
 18756 | Lair:5   | XOM: divination: detect creatures
 18796 | Lair:5   | Noticed a six-headed hydra
 18799 | Lair:5   | XOM: harmless Summ miscast
 18807 | Lair:5   | XOM: cast spell 'Olgreb's Toxic Radiance'
 18819 | Lair:5   | XOM: cast spell 'Leda's Liquefaction'
 18820 | Lair:5   | NO
 18828 | Lair:5   | XOM: butterfly on damage
 18828 | Lair:5   | HP: 2/49 [six-headed hydra (7)]
 18960 | Lair:4   | XOM: mild Fire miscast
 19214 | Lair:5   | XOM: harmless Pois miscast
 19240 | Lair:5   | XOM: potion effect (haste)
 19414 | Lair:5   | XOM: mild Tmut miscast
 19446 | Lair:5   | What a waste
 19453 | Lair:5   | XOM: potion effect (invisibility)
 19455 | Lair:5   | XOM: enchant monster (bad)
 19456 | Lair:5   | XOM: enchant monster (bad)
 19460 | Lair:5   | Killed a six-headed hydra
 19599 | Lair:5   | XOM: divination: magic mapping
 19615 | Lair:5   | XOM: cleaving
 19747 | Lair:5   | XOM: mild Air miscast
 19751 | Lair:5   | XOM: summons friendly quasit
 20156 | Lair:5   | oh boy
 20157 | Lair:6   | Entered Level 6 of the Lair of Beasts
 20159 | Lair:6   | Reached skill level 13 in Dodging
 20181 | Lair:6   | Found a staircase to the Slime Pits.
 20181 | Lair:6   | Noticed a four-headed hydra
 20302 | Lair:6   | XOM: confusion (+ monsters)
 20380 | Lair:5   | XOM: confusion
 20520 | Lair:4   | XOM: summons 3 hostile shadow creatures
 20588 | Lair:5   | XOM: butterfly on damage
 20808 | Lair:6   | XOM: polymorph bullfrog -> hound
 20813 | Lair:5   | XOM: summons 11 friendly demons
 20841 | Lair:5   | XOM: god gift: book of Alchemy
 20890 | Lair:5   | XOM: god gift: ring mail {god gift}
 21133 | Lair:6   | XOM: summons friendly crimson imp
 21165 | Lair:6   | Identified a scroll of acquirement
 21177 | Lair:6   | XOM: butterfly on damage
 21207 | Lair:5   | XOM: summons 6 hostile demons
 21270 | Lair:4   | XOM: stat loss: -1 Dex (21/22)
 21349 | Lair:5   | Reached skill level 14 in Dodging
 21457 | Lair:6   | XOM: blink monster(s)
 21525 | Lair:5   | XOM: harmless Necr miscast
 21554 | Lair:5   | XOM: mild Necr miscast
 21630 | Lair:6   | XOM: summons 11 friendly demons
 21901 | Lair:6   | XOM: medium Necr miscast
 21901 | Lair:6   | Slain by a tyrant leech
 21902 | Lair:6   | Reached XP level 11. HP: -2/45 MP: 17/17
 21902 | Lair:6   | oh fuck off
 21909 | Lair:6   | Reached XP level 12. HP: 49/49 MP: 18/18
 21926 | Lair:6   | XOM: harmless Hex miscast
 21931 | Lair:6   | XOM: harmless Hex miscast
 21951 | Lair:6   | XOM: smoke on damage
 21957 | Lair:6   | XOM: god gift: plate armour {god gift}
 22015 | Lair:6   | XOM: mild Erth miscast
 22222 | Lair:6   | XOM: god gift: falchion {god gift}
 22226 | Lair:6   | XOM: silly message
 22247 | Lair:6   | XOM: 1-stop teleportation journey
 22248 | Lair:6   | XOM: polymorph electric eel -> river rat
 22259 | Lair:6   | XOM: swap monsters
 22262 | Lair:6   | XOM: enchant monster (good)
 22270 | Lair:6   | XOM: summons friendly ufetubus
 22273 | Lair:6   | XOM: scenery: create altars
 22295 | Lair:6   | XOM: summons friendly quasit
 22318 | Lair:6   | XOM: summons 12 friendly demons
 22330 | Lair:6   | XOM: butterfly on damage
 22330 | Lair:6   | XOM: smoke on damage
 22334 | Lair:6   | XOM: confuse monster(s)
 22338 | Lair:6   | XOM: divination: magic mapping
 22385 | Lair:5   | XOM: cloud trail
 22407 | Lair:5   | XOM: give mutations
 22407 | Lair:5   | Gained mutation: Your flesh is cold resistant. (rC+) [Xom's
                  | grace]
 22407 | Lair:5   | Gained mutation: Your mind is acute. (Int +2) [Xom's grace]
 22407 | Lair:5   | Gained mutation: You are partially covered in iridescent
                  | scales. (AC +2) [Xom's grace]
 22591 | Lair:6   | XOM: divination: detect creatures
 22667 | Lair:6   | XOM: divination: magic mapping
 22674 | Lair:6   | XOM: summons 3 friendly demons
 22679 | Lair:6   | XOM: summons friendly crimson imp
 22683 | Lair:6   | Killed a four-headed hydra
 22702 | Lair:6   | XOM: summons friendly quasit
 22703 | Lair:6   | XOM: divination: detect creatures
 22704 | Lair:6   | XOM: divination: detect items
 22707 | Lair:6   | XOM: fog
 22858 | Lair:5   | XOM: divination: detect items
 22863 | Lair:5   | XOM: cloud trail
 22912 | Lair:6   | XOM: summons friendly ufetubus
 22947 | Lair:6   | XOM: mild Pois miscast
 22975 | Lair:6   | XOM: confusion (+ monsters)
 23069 | Lair:6   | Found the brooch of Shielding {Reflect SH+8}
 23099 | Lair:6   | XOM: destruction
 23102 | Lair:6   | Noticed a six-headed hydra
 23110 | Lair:6   | Killed an eight-headed hydra
 23110 | Lair:6   | Reached skill level 15 in Dodging
 23222 | Lair:6   | XOM: scenery: create altars
 23275 | Lair:6   | XOM: summons friendly crimson imp
 23466 | Lair:6   | XOM: cloud trail
 23511 | Lair:6   | XOM: give mutations
 23511 | Lair:6   | Gained mutation: You are mostly covered in iridescent
                  | scales. (AC +4) [Xom's grace]
 23511 | Lair:6   | Gained mutation: You are extremely resistant to the effects
                  | of hostile enchantments. (MR+++) [Xom's grace]
 23511 | Lair:6   | Gained mutation: You have a pair of horns on your head.
                  | [Xom's grace]
 23512 | Lair:6   | XOM: scenery: create altars
 23523 | Lair:6   | Noticed oberejnoburuli's ghost (journeyman DrCj)
 23524 | Lair:6   | Found a runed door.
 23540 | Lair:6   | Killed oberejnoburuli's ghost
 23973 | Lair:4   | XOM: god gift: ancient longbow {god gift}
 24088 | Lair:3   | XOM: scenery: 1 doors open
 24124 | Lair:3   | XOM: polymorph fire crab -> meliai
 24133 | Lair:3   | XOM: harmless Pois miscast
 24134 | Lair:3   | Noticed an entropy weaver
 24137 | Lair:3   | XOM: fog
 24138 | Lair:3   | XOM: scenery: create altars
 24144 | Lair:3   | XOM: cleaving
 24146 | Lair:3   | Killed an entropy weaver
 24146 | Lair:3   | Reached XP level 13. HP: 6/52 MP: 7/19
 24457 | Lair:3   | XOM: cleaving
 24459 | Lair:3   | XOM: confusion
 24461 | Lair:3   | XOM: chaos cloud
 24471 | Lair:3   | Noticed an entropy weaver
 24478 | Lair:3   | XOM: harmless Pois miscast
 24485 | Lair:3   | Killed an entropy weaver
 24485 | Lair:3   | Reached skill level 15 in Transmutations
 24504 | Lair:3   | XOM: fog
 24505 | Lair:3   | XOM: polymorph fire crab -> unseen horror
 24506 | Lair:3   | XOM: swap monsters
 24517 | Lair:3   | XOM: enchant monster (bad)
 24534 | Lair:3   | Noticed an entropy weaver
 24547 | Lair:3   | XOM: divine lightning
 24549 | Lair:3   | XOM: noise
 24689 | Lair:2   | XOM: give mutations
 24689 | Lair:2   | Lost mutation: Your magical capacity is low. (-10% MP)
                  | [Xom's mischief]
 24689 | Lair:2   | Lost mutation: Your system is resistant to poisons. (rPois)
                  | [Xom's mischief]
 24689 | Lair:2   | Lost mutation: You have a pair of horns on your head.
                  | [Xom's mischief]
 24689 | Lair:2   | Lost mutation: Your mind is acute. (Int +2) [Xom's
                  | mischief]
 24885 | Lair:3   | XOM: confusion
 24885 | Lair:3   | XOM: smoke on damage
 24891 | Lair:3   | Killed an entropy weaver
 24913 | Lair:3   | XOM: harmless Air miscast
 25075 | Lair:3   | XOM: harmless Hex miscast
 25167 | Lair:3   | Identified the +7 morningstar of Guilt {crush, +Rage rF-
                  | MR++ Stlth+}
 25167 | Lair:3   | Noticed an entropy weaver
 25171 | Lair:3   | XOM: medium Ice miscast
 25177 | Lair:3   | Killed an entropy weaver
 25250 | Lair:3   | XOM: noise
 25363 | Lair:3   | XOM: mild Air miscast
 25375 | Lair:3   | XOM: confuse monster(s)
 25376 | Lair:3   | XOM: confusion (+ monsters)
 25387 | Lair:3   | XOM: give mutation
 25489 | Lair:1   | Upgraded the game from 0.23-a0-407-g92528d7c89 to
                  | 0.23-a0-408-g9d4b7edeb2
 25509 | D:11     | XOM: enchant monster (bad)
 25811 | D:11     | XOM: 5-stop teleportation journey
 25825 | D:11     | XOM: summons friendly ufetubus
 25954 | D:11     | XOM: mild Summ miscast
 26061 | D:11     | Learned a level 5 spell: Irradiate
 26169 | D:11     | XOM: summons 2 hostile shadow creatures
 26185 | D:12     | XOM: smoke on damage
 26324 | D:12     | XOM: 1-stop teleportation journey
 26337 | D:12     | XOM: polymorph quokka -> gnoll
 26382 | D:12     | XOM: medium Hex miscast
 26517 | D:12     | XOM: medium Tloc miscast
 26527 | D:12     | Found a staircase to the Orcish Mines.
 26540 | D:12     | XOM: summons friendly white imp
 26545 | D:12     | Reached skill level 10 in Fighting
 26720 | D:13     | Found a gate to the Vaults.
 26722 | D:13     | Noticed a spark wasp
 26722 | D:13     | an anaconda changed into a spark wasp
 26723 | D:13     | XOM: fake destruction
 26723 | D:13     | a spark wasp changed into a great orb of eyes
 26725 | D:13     | XOM: summons friendly ufetubus
 26729 | D:13     | XOM: snakes to sticks
 27032 | D:12     | XOM: scenery: create altars
 27126 | D:13     | Reached XP level 14. HP: 59/59 MP: 15/22
 27151 | D:13     | XOM: fake destruction
 27152 | D:13     | XOM: cleaving
 27153 | D:13     | XOM: polymorph cyan ugly thing -> queen ant
 27309 | D:13     | XOM: harmless Tmut miscast
 27385 | D:13     | Found Daipa's Gadget Shoppe.
 27808 | D:14     | XOM: summons friendly white imp
 27810 | D:14     | XOM: harmless Tmut miscast
 27886 | D:14     | XOM: harmless Erth miscast
 27895 | D:14     | XOM: harmless Erth miscast
 27905 | D:14     | XOM: enchant monster (good)
 27956 | D:14     | Got a fine glass ring
 27989 | D:14     | Noticed Louise
 28021 | D:14     | Identified the ring of Daafreij {*Corrode rPois rF+ Int-5
                  | Dex+7} (You found it on level 14 of the Dungeon)
 28195 | D:14     | XOM: butterfly on damage
 28202 | D:14     | XOM: confuse monster(s)
 28208 | D:14     | Killed Louise
 28398 | D:15     | Entered Level 15 of the Dungeon
 28446 | D:14     | XOM: confuse monster(s)
 28635 | D:14     | XOM: smoke on damage
 28645 | D:14     | XOM: summons 4 friendly demons
 28662 | D:14     | XOM: give mutations
 28662 | D:14     | Gained mutation: Your muscles are strong. (Str +2) [Xom's
                  | grace]
 28662 | D:14     | Gained mutation: Your flesh is very heat resistant. (rF++)
                  | [Xom's grace]
 28774 | D:15     | XOM: polymorph death knight -> elephant
 28799 | D:15     | XOM: noise
 28812 | D:15     | XOM: fog
 28840 | D:15     | XOM: potion effect (agility)
 28903 | D:15     | XOM: cast spell 'Summon Butterflies'
 28906 | D:15     | Reached skill level 16 in Dodging
 28970 | D:15     | XOM: divination: magic mapping
 29005 | D:15     | XOM: god gift: +3 sling "Punk" {acid, rCorr}
 29006 | D:15     | Found the +3 sling "Punk" {acid, rCorr}
 29044 | D:15     | XOM: silly message
 29080 | D:15     | Found a staircase to the Depths.
 29232 | Orc:1    | Entered Level 1 of the Orcish Mines
 29260 | Orc:1    | Noticed Snorg
 29270 | Orc:1    | Killed Snorg
 29282 | Orc:1    | XOM: summons friendly crimson imp
 29383 | Orc:1    | XOM: harmless Fire miscast
 29429 | Orc:2    | XOM: stealth player
 29429 | Orc:2    | Entered Level 2 of the Orcish Mines
 29442 | Orc:2    | Noticed Urug
 29465 | Orc:2    | Killed Urug
 29472 | Orc:2    | XOM: polymorph orc wizard -> killer bee
 29525 | Orc:2    | Found a staircase to the Elven Halls.
 29585 | Orc:2    | XOM: summons friendly white imp
 29588 | Orc:2    | XOM: swap monsters
 29658 | Orc:2    | XOM: mild Conj miscast
 29732 | Orc:2    | Found Bisyuc's Assorted Antiques.
 29734 | Orc:2    | XOM: polymorph orc knight -> mana viper
 29735 | Orc:2    | XOM: fog
 29746 | Orc:2    | XOM: confuse monster(s)
 29757 | Orc:2    | XOM: butterfly on damage
 29767 | Orc:2    | XOM: divination: magic mapping
 29780 | Orc:2    | XOM: potion effect (magic)
 29791 | Orc:2    | XOM: harmless Ice miscast
 29795 | Orc:2    | XOM: cast spell 'Olgreb's Toxic Radiance'
 29801 | Orc:2    | XOM: divination: magic mapping
 29834 | Orc:1    | XOM: cloud trail
 29930 | Orc:2    | XOM: summons friendly white imp
 29982 | Orc:2    | XOM: enchant monster (good)
 30036 | Orc:2    | XOM: noise
 30037 | Orc:2    | XOM: confuse monster(s)
 30046 | Orc:2    | XOM: enchant monster (good)
 30165 | Orc:2    | XOM: scenery: create altars
 30167 | Orc:2    | XOM: cast spell 'Metabolic Englaciation'
 30364 | Orc:1    | XOM: harmless Pois miscast
 30511 | Orc:2    | XOM: cloud trail
 30520 | Orc:2    | XOM: harmless Necr miscast
 30676 | Orc:2    | XOM: medium Tmut miscast
 30690 | Orc:2    | Found Peawuc's Weapon Boutique.
 30728 | Orc:2    | Bought a wand of paralysis (10) for 54 gold pieces
 30728 | Orc:2    | Bought a scroll of magic mapping for 94 gold pieces
 30738 | Orc:2    | XOM: divination: detect items
 30753 | Orc:2    | XOM: smoke on damage
 30764 | Orc:2    | XOM: noise
 30784 | Orc:2    | Found a roughly hewn altar of Beogh.
 30793 | Orc:2    | Found Zydyasay's Jewellery Shoppe.
 30793 | Orc:2    | Found Jesosoc's Distillery.
 30999 | Orc:1    | XOM: medium Tmut miscast
 31054 | Orc:1    | Noticed Josephine
 31054 | Orc:1    | XOM: fake destruction
 31059 | Orc:2    | Killed Josephine
 31059 | Orc:2    | Reached XP level 15. HP: 55/63 MP: 16/23
 31243 | Orc:2    | XOM: mild Summ miscast
 31551 | D:11     | XOM: give mutation
 31551 | D:11     | Lost mutation: You have a pair of small horns on your head.
                  | [Xom's mischief]
 31648 | Swamp:1  | Entered Level 1 of the Swamp
 31651 | Swamp:1  | XOM: polymorph four-headed hydra -> minotaur
 31855 | Swamp:1  | XOM: confuse monster(s)
 31881 | Swamp:1  | XOM: scenery: create altars
 32177 | Swamp:1  | XOM: summons 7 hostile demons
 32403 | Swamp:1  | XOM: potion effect (curing)
 32404 | Swamp:1  | Found a large runed door.
 32407 | Swamp:1  | Reached skill level 17 in Dodging
 32408 | Swamp:1  | Found a large runed door.
 32409 | Swamp:1  | Noticed Tovvy's ghost (adept SpEn)
 32415 | Swamp:1  | XOM: 1-stop teleportation journey
 32428 | Swamp:1  | XOM: harmless Tmut miscast
 32757 | Swamp:1  | XOM: harmless Summ miscast
 33068 | Swamp:2  | XOM: noise
 33097 | Swamp:2  | XOM: cleaving
 33104 | Swamp:2  | XOM: swap monsters
 33124 | Swamp:2  | XOM: silly message
 33127 | Swamp:2  | XOM: 2-stop teleportation journey
 33128 | Swamp:2  | Found a frozen archway.
 33136 | Swamp:2  | XOM: scenery: create altars
 33153 | IceCv    | Entered an ice cave
 33285 | IceCv    | XOM: summons 2 friendly demons
 33289 | IceCv    | XOM: enchant monster (good)
 33335 | IceCv    | Learned a level 6 spell: Statue Form
 33341 | IceCv    | XOM: potion effect (haste)
 33355 | IceCv    | XOM: god gift: blowgun {god gift}
 33366 | IceCv    | XOM: confusion (+ monsters)
 33377 | IceCv    | XOM: confuse monster(s)
 33408 | IceCv    | XOM: medium Pois miscast
 33418 | IceCv    | XOM: harmless Conj miscast
 33549 | IceCv    | XOM: confusion
 33812 | IceCv    | XOM: give mutations
 33812 | IceCv    | Lost mutation: Your flesh is very heat resistant. (rF++)
                  | [Xom's mischief]
 33812 | IceCv    | Lost mutation: You are extremely resistant to the effects
                  | of hostile enchantments. (MR+++) [Xom's mischief]
 33812 | IceCv    | Lost mutation: You occasionally shout uncontrollably at
                  | your foes. [Xom's mischief]
 33812 | IceCv    | Lost mutation: You are frail. (-10% HP) [Xom's mischief]
 33833 | IceCv    | XOM: harmless Pois miscast
 33840 | IceCv    | XOM: noise
 33845 | IceCv    | XOM: summons 2 hostile shadow creatures
 33845 | IceCv    | Killed from afar by an ice statue
 33846 | IceCv    | Reached XP level 14. HP: -1/103 MP: 15/22
 33912 | IceCv    | XOM: swap monsters
 33916 | IceCv    | XOM: blink monster(s)
 33972 | IceCv    | XOM: 1-stop teleportation journey
 33982 | IceCv    | XOM: give mutations
 33982 | IceCv    | Gained mutation: You possess an exceptional clarity of
                  | mind. [Xom's grace]
 33982 | IceCv    | Gained mutation: Your muscles are very strong. (Str +4)
                  | [Xom's grace]
 33982 | IceCv    | Gained mutation: Your skin changes colour to match your
                  | surroundings (Stealth+). [Xom's grace]
 34059 | IceCv    | Identified Fastauli's Incunabulum of Cold and
                  | Self-Knowledge (Xom gifted it to you in an ice cave)
 34059 | IceCv    | XOM: god gift: Fastauli's Incunabulum of Cold and
                  | Self-Knowledge
 34088 | IceCv    | Noticed a white very ugly thing
 34102 | IceCv    | XOM: summons 14 friendly demons
 34111 | IceCv    | XOM: divination: detect creatures
 34137 | IceCv    | Killed a white very ugly thing
 34147 | IceCv    | XOM: mild Air miscast
 34250 | IceCv    | XOM: cloud trail
 34327 | IceCv    | XOM: mild Summ miscast
 34342 | IceCv    | XOM: silly message
 34384 | Swamp:2  | XOM: divination: detect items
 34689 | Swamp:2  | XOM: divination: detect creatures
 34692 | Swamp:2  | Reached skill level 15 in Unarmed Combat
 34695 | Swamp:2  | XOM: confuse monster(s)
 34706 | Swamp:2  | XOM: mild Ice miscast
 34721 | Swamp:2  | XOM: confuse monster(s)
 34791 | Swamp:2  | XOM: 4-stop teleportation journey
 35025 | Swamp:2  | XOM: god gift: 22 stones
 35189 | Swamp:2  | Noticed a tentacled monstrosity
 35204 | Swamp:2  | Killed a tentacled monstrosity
 35204 | Swamp:2  | Reached skill level 1 in Conjurations
 35204 | Swamp:2  | Reached skill level 1 in Earth Magic
 35319 | Swamp:3  | XOM: cloud trail
 35333 | Swamp:3  | XOM: smoke on damage
 35337 | Swamp:3  | XOM: confuse monster(s)
 35349 | Swamp:3  | XOM: potion effect (might)
 35393 | Swamp:2  | XOM: mild Chrm miscast
 35446 | Swamp:3  | XOM: confuse monster(s)
 35741 | Swamp:3  | Reached XP level 15. HP: 73/73 MP: 19/24
 35756 | Swamp:3  | XOM: polymorph swamp drake -> centaur
 35757 | Swamp:3  | Noticed a thorn hunter
 35953 | Swamp:3  | XOM: potion effect (haste)
 35957 | Swamp:3  | XOM: god gift: 2 scrolls of teleportation
 35989 | Swamp:3  | XOM: fog
 35992 | Swamp:3  | XOM: divination: detect creatures
 36143 | Swamp:3  | XOM: fog
 36179 | Swamp:3  | Killed a thorn hunter
 36192 | Swamp:3  | XOM: scenery: create altars
 36295 | Swamp:3  | XOM: god gift: 530 gold pieces
 36386 | Swamp:4  | Entered Level 4 of the Swamp
 36411 | Swamp:4  | XOM: give mutations
 36411 | Swamp:4  | Gained mutation: You evolve. [Xom's grace]
 36411 | Swamp:4  | Gained mutation: Your flesh is very cold resistant. (rC++)
                  | [Xom's grace]
 36411 | Swamp:4  | Gained mutation: You are extremely resistant to the effects
                  | of hostile enchantments. (MR+++) [Xom's grace]
 36428 | Swamp:4  | XOM: enchant monster (good)
 36469 | Swamp:4  | Engulfed by a bog body's freezing vapour
 36470 | Swamp:4  | Reached XP level 14. HP: -5/105 MP: 24/24
 36590 | Swamp:4  | XOM: 1-stop teleportation journey
 36600 | Swamp:4  | XOM: cast spell 'Alistair's Intoxication'
 36724 | Swamp:3  | XOM: summons 7 hostile demons
 36804 | Swamp:3  | XOM: medium Hex miscast
 36847 | Swamp:3  | XOM: give mutations
 36847 | Swamp:3  | Lost mutation: Your muscles are very strong. (Str +4)
                  | [Xom's mischief]
 36847 | Swamp:3  | Lost mutation: Your flesh is very cold resistant. (rC++)
                  | [Xom's mischief]
 36972 | Swamp:4  | XOM: mild Chrm miscast
 36988 | Swamp:4  | XOM: chaos cloud
 37004 | Swamp:4  | XOM: enchant monster (bad)
 37192 | Swamp:4  | Noticed Roxanne
 37217 | Swamp:4  | XOM: mild Necr miscast
 37290 | Swamp:3  | Lost mutation: You expend magic power (3 MP) to strengthen
                  | your wands. [evolution]
 37504 | Swamp:4  | XOM: harmless Necr miscast
 37506 | Swamp:4  | XOM: give mutations
 37506 | Swamp:4  | Gained mutation: Your mind is acute. (Int +2) [Xom's
                  | mischief]
 37506 | Swamp:4  | Lost mutation: Your muscles are strong. (Str +2) [Xom's
                  | mischief]
 37506 | Swamp:4  | Lost mutation: You are extremely resistant to the effects
                  | of hostile enchantments. (MR+++) [Xom's mischief]
 37574 | Swamp:4  | XOM: 1-stop teleportation journey
 37597 | Swamp:4  | XOM: scenery: create altars
 37610 | Swamp:4  | XOM: enchant monster (bad)
 37616 | Swamp:4  | XOM: give mutations
 37616 | Swamp:4  | Gained mutation: You are extremely resistant to the effects
                  | of hostile enchantments. (MR+++) [Xom's grace]
 37616 | Swamp:4  | Gained mutation: Your spells are a little harder to cast,
                  | but a little more powerful. [Xom's grace]
 37766 | Swamp:4  | XOM: give mutations
 37766 | Swamp:4  | Lost mutation: Your mind is acute. (Int +2) [Xom's
                  | mischief]
 37766 | Swamp:4  | Gained mutation: Your body sometimes deteriorates upon
                  | taking damage. [Xom's mischief]
 37766 | Swamp:4  | Lost mutation: You evolve. [Xom's mischief]
 37874 | Swamp:4  | XOM: cleaving
 37878 | Swamp:4  | XOM: silly message
 38025 | Swamp:4  | XOM: cast spell 'Alistair's Intoxication'
 38036 | Swamp:4  | Noticed a bone dragon
 38040 | Swamp:4  | XOM: confuse monster(s)
 38057 | Swamp:4  | Killed a bone dragon
 38062 | Swamp:4  | XOM: silly message
 38352 | Swamp:4  | XOM: divination: detect creatures
 38500 | Swamp:3  | XOM: harmless Summ miscast
 38504 | Swamp:3  | XOM: god gift: potion of brilliance
 38543 | Swamp:3  | XOM: scenery: create altars
 38637 | Swamp:4  | XOM: mild Ice miscast
 38857 | Swamp:4  | Got a decaying rune of Zot
 39012 | Swamp:4  | Noticed a thorn hunter
 39018 | Swamp:4  | XOM: blink monster(s)
 39023 | Swamp:4  | Killed a thorn hunter
 39334 | Snake:1  | Entered Level 1 of the Snake Pit
 39334 | Snake:1  | XOM: summons friendly quasit
 39339 | Snake:1  | Reached skill level 5 in Earth Magic
 39346 | Snake:1  | XOM: harmless Air miscast
 39402 | Snake:1  | Noticed Rupert
 39416 | Snake:1  | Killed Rupert
 39425 | Snake:1  | XOM: chaos upgrade
 39646 | Lair:2   | Learned a level 1 spell: Confusing Touch
 39655 | Snake:1  | Reached XP level 15. HP: 73/73 MP: 20/27
 39677 | Snake:1  | XOM: noise
 39743 | Snake:1  | XOM: confuse monster(s)
 39745 | Snake:1  | Reached skill level 1 in Hexes
 39819 | Snake:1  | Noticed Frances
 39826 | Snake:1  | Killed Frances
 39882 | Snake:1  | XOM: summons 1 hostile shadow creature
 39978 | Snake:1  | XOM: fog
 39985 | Snake:1  | XOM: cleaving
 40002 | Snake:1  | XOM: destruction
 40199 | Snake:1  | XOM: give mutations
 40199 | Snake:1  | Gained mutation: Your muscles are strong. (Str +2) [Xom's
                  | grace]
 40199 | Snake:1  | Gained mutation: You evolve. [Xom's grace]
 40199 | Snake:1  | Gained mutation: Your system is resistant to poisons.
                  | (rPois) [Xom's grace]
 40199 | Snake:1  | Gained mutation: You can translocate small distances at
                  | will. [Xom's grace]
 40385 | Snake:2  | XOM: snakes to sticks
 40486 | Snake:2  | Reached skill level 5 in Hexes
 40490 | Snake:2  | XOM: divination: detect items
 40498 | Snake:2  | Noticed Vashnia
 40504 | Snake:2  | XOM: 7-stop teleportation journey
 40517 | Snake:2  | XOM: noise
 40624 | Snake:2  | XOM: 6-stop teleportation journey
 40649 | Snake:2  | XOM: mild Summ miscast
 40920 | Snake:2  | XOM: noise
 41089 | Snake:2  | XOM: summons friendly ufetubus
 41212 | Snake:1  | XOM: god gift: 13 arrows
 41369 | Snake:1  | Learned a level 3 spell: Regeneration
 41460 | Snake:1  | Lost mutation: Your flesh is cold resistant. (rC+)
                  | [evolution]
 41739 | Snake:2  | XOM: divination: detect items
 41749 | Snake:2  | XOM: cast spell 'Summon Ice Beast'
 41754 | Snake:2  | XOM: enchant monster (good)
 41759 | Snake:2  | Reached skill level 1 in Charms
 41893 | Snake:1  | XOM: harmless Hex miscast
 42025 | Snake:2  | XOM: mild Hex miscast
 42039 | Snake:2  | Killed Vashnia
 42039 | Snake:2  | Reached skill level 1 in Necromancy
 42100 | Snake:2  | XOM: give mutations
 42100 | Snake:2  | Gained mutation: You are robust. (+10% HP) [Xom's grace]
 42100 | Snake:2  | Gained mutation: Your spells are harder to cast, but more
                  | powerful. [Xom's grace]
 42100 | Snake:2  | Gained mutation: You have a pair of small horns on your
                  | head. [Xom's grace]
 42100 | Snake:2  | Gained mutation: You expend magic power (3 MP) to
                  | strengthen your wands. [Xom's grace]
 42174 | Snake:2  | XOM: cloud trail
 42197 | Snake:3  | Noticed Asterion
 42206 | Snake:3  | Killed Asterion
 42302 | Snake:3  | XOM: polymorph mana viper -> jumping spider
 42303 | Snake:3  | XOM: potion effect (heal wounds)
 42311 | Snake:3  | XOM: polymorph black mamba -> rime drake
 42320 | Snake:3  | XOM: summons friendly crimson imp
 42326 | Snake:3  | XOM: give mutations
 42326 | Snake:3  | Gained mutation: You rapidly evolve. [Xom's grace]
 42326 | Snake:3  | Lost mutation: You rapidly evolve. [Xom's grace]
 42326 | Snake:3  | Lost mutation: You evolve. [Xom's grace]
 42326 | Snake:3  | Gained mutation: You are somewhat resistant to further
                  | mutation. [Xom's grace]
 42326 | Snake:3  | Gained mutation: You are agile. (Dex +2) [Xom's grace]
 42326 | Snake:3  | Gained mutation: You passively map the area around you.
                  | [Xom's grace]
 42364 | Snake:2  | XOM: cloud trail
 42567 | Snake:3  | XOM: potion effect (invisibility)
 42569 | Snake:3  | Reached XP level 16. HP: 85/85 MP: 16/30
 42817 | Snake:3  | XOM: fake destruction
 42856 | Snake:3  | XOM: polymorph naga warrior -> two-headed ogre
 42865 | Snake:3  | XOM: cleaving
 42964 | Snake:3  | Found a sacrificial altar of Ru.
 43164 | Snake:3  | XOM: scenery: create altars
 43406 | Snake:4  | Entered Level 4 of the Snake Pit
 43793 | Snake:4  | XOM: potion effect (agility)
 43812 | Snake:4  | XOM: potion effect (heal wounds)
 43816 | Snake:4  | XOM: cast spell 'Death Channel'
 44146 | Snake:3  | XOM: harmless Hex miscast
 44227 | Snake:4  | XOM: enchant monster (good)
 44237 | Snake:4  | XOM: summons 12 friendly demons
 44545 | Snake:4  | XOM: summons 5 hostile demons
 44575 | Snake:4  | XOM: noise
 44598 | Snake:4  | XOM: harmless Fire miscast
 44611 | Snake:4  | XOM: mild Tloc miscast
 44764 | Snake:4  | XOM: summons friendly iron imp
 44851 | Snake:4  | XOM: polymorph iron imp -> quasit
 44934 | Snake:4  | XOM: confuse monster(s)
 44944 | Snake:4  | Reached skill level 18 in Dodging
 45051 | Snake:4  | XOM: enchant monster (good)
 45117 | Snake:4  | Got a serpentine rune of Zot
 45132 | Snake:4  | XOM: summons 2 hostile shadow creatures
 45266 | Snake:4  | XOM: cloud trail
 45783 | Vaults:1 | Entered Level 1 of the Vaults
 45783 | Vaults:1 | XOM: fog
 45786 | Vaults:1 | XOM: destruction
 45867 | Vaults:1 | XOM: confuse monster(s)
 45876 | Vaults:1 | XOM: polymorph yaktaur -> shapeshifter
 45893 | Vaults:1 | Reached XP level 17. HP: 90/91 MP: 22/31
 45930 | Vaults:1 | XOM: give mutations
 45930 | Vaults:1 | Lost mutation: Your muscles are strong. (Str +2) [Xom's
                  | mischief]
 45930 | Vaults:1 | Lost mutation: You have a pair of small horns on your head.
                  | [Xom's mischief]
 45930 | Vaults:1 | Lost mutation: You possess an exceptional clarity of mind.
                  | [Xom's mischief]
 46071 | Vaults:1 | XOM: noise
 46134 | Vaults:1 | Found Lupnar's Antique Weapon Shoppe.
 46278 | Vaults:1 | XOM: medium Necr miscast
 46279 | Vaults:1 | XOM: fake destruction
 46285 | Vaults:1 | XOM: scenery: 1 doors open
 46339 | Vaults:1 | XOM: summons 12 friendly demons
 46341 | Vaults:1 | XOM: summons friendly shadow imp
 46420 | Vaults:1 | XOM: god gift: 55 gold pieces
 46455 | Vaults:1 | XOM: give mutations
 46455 | Vaults:1 | Gained mutation: Your flesh is very heat resistant. (rF++)
                  | [Xom's grace]
 46455 | Vaults:1 | Gained mutation: You are very agile. (Dex +4) [Xom's grace]
 46641 | Lair:4   | XOM: cleaving
 46645 | Lair:4   | Killed Oppylety's ghost
 46824 | Vaults:1 | XOM: confuse monster(s)
 46940 | Vaults:1 | XOM: fake destruction
 46948 | Vaults:1 | XOM: confuse monster(s)
 46951 | Vaults:1 | Reached skill level 15 in Fighting
 47196 | Vaults:1 | XOM: scenery: 1 doors close
 47267 | Vaults:1 | XOM: scenery: create altars
 47270 | Vaults:1 | XOM: confuse monster(s)
 47344 | Vaults:1 | XOM: fog
 47373 | Vaults:1 | XOM: mild Fire miscast
 47476 | Vaults:1 | XOM: confusion (+ monsters)
 47492 | Vaults:1 | XOM: confuse monster(s)
 47762 | Vaults:2 | XOM: medium Necr miscast
 47940 | Vaults:2 | Found a runed door.
 48102 | Vaults:2 | XOM: silly message
 48109 | Vaults:2 | XOM: blink monster(s)
 48122 | Vaults:2 | Found Ahurol's Gadget Emporium.
 48342 | Vaults:2 | Noticed a bone dragon
 48355 | Vaults:2 | Killed a bone dragon
 48360 | Vaults:2 | Found a staircase to the Crypt.
 48411 | Vaults:2 | XOM: mild Tloc miscast
 48462 | Vaults:2 | XOM: mild Necr miscast
 48570 | Vaults:2 | Reached skill level 10 in Earth Magic
 48576 | Vaults:2 | Noticed Sojobo
 48579 | Vaults:2 | XOM: harmless Chrm miscast
 48590 | Vaults:2 | Killed Sojobo
 48590 | Vaults:2 | Reached XP level 18. HP: 52/97 MP: 13/32
 48712 | Vaults:2 | XOM: harmless Tmut miscast
 48740 | Vaults:2 | Learned a level 1 spell: Apportation
 48922 | Vaults:2 | XOM: summons 2 hostile demons
 49120 | Vaults:2 | Noticed dricus's ghost (adept BaIE)
 49121 | Vaults:2 | Found the +3 hat of Pondering {ponderous, MR+ MP+10 Int+5}
 49149 | Vaults:2 | XOM: severe Ice miscast
 49219 | Vaults:2 | XOM: give mutations
 49219 | Vaults:2 | Lost mutation: Your spells are harder to cast, but more
                  | powerful. [Xom's mischief]
 49219 | Vaults:2 | Lost mutation: You are extremely resistant to the effects
                  | of hostile enchantments. (MR+++) [Xom's mischief]
 49219 | Vaults:2 | Lost mutation: Your system is resistant to poisons. (rPois)
                  | [Xom's mischief]
 49235 | Vaults:2 | Killed dricus's ghost
 49245 | Vaults:2 | Got a transparent wooden ring
 49250 | Vaults:2 | Identified the ring of Qaalon {rC- Str+5 Stlth-} (You found
                  | it on level 2 of the Vaults)
 49312 | Vaults:3 | XOM: stealth player
 49494 | Vaults:3 | XOM: confusion
 49500 | Vaults:3 | XOM: harmless Chrm miscast
 49625 | Vaults:3 | XOM: mild Tmut miscast
 49638 | Vaults:3 | XOM: swap monsters
 49679 | Vaults:3 | Got a flickering iron ring
 49680 | Vaults:3 | Identified the ring "Qizxid" {rElec rPois rF- MP+9 Int+3}
                  | (You found it on level 3 of the Vaults)
 49919 | Vaults:3 | Reached skill level 19 in Dodging
 50002 | Vaults:3 | XOM is BORED!
 50002 | Vaults:3 | XOM: mild Conj miscast
 50059 | Vaults:3 | Found a radiant altar of Vehumet.
 50059 | Vaults:3 | Noticed a lich
 50064 | Vaults:3 | XOM: repel stairs
 50068 | Vaults:3 | Killed a lich
 50131 | Vaults:3 | Got a fine copper amulet
 50133 | Vaults:3 | Identified the amulet "Giatos" {Gourm rC++ Int-4} (You
                  | found it on level 3 of the Vaults)
 50225 | Vaults:3 | XOM: mild Tloc miscast
 50327 | Vaults:3 | XOM: scenery: create altars
 50457 | Vaults:3 | Noticed Margery
 50466 | Vaults:3 | XOM: enchant monster (good)
 50468 | Vaults:3 | Killed Margery
 50718 | Vaults:4 | XOM: summons friendly iron imp
 50781 | Vaults:4 | XOM: noise
 50803 | Vaults:4 | XOM: cast spell 'Summon Horrible Things'
 50863 | Vaults:4 | XOM: potion effect (curing)
 50868 | Vaults:4 | Reached skill level 20 in Dodging
 50876 | Vaults:4 | Reached XP level 19. HP: 103/103 MP: 29/33
 50918 | Vaults:4 | XOM: noise
 50938 | Vaults:4 | XOM: summons friendly crimson imp
 50944 | Vaults:4 | XOM: potion effect (brilliance)
 50946 | Vaults:4 | XOM: harmless Tmut miscast
 50951 | Vaults:4 | XOM: enchant monster (bad)
 50952 | Vaults:4 | XOM: blink monster(s)
 50958 | Vaults:4 | XOM: enchant monster (bad)
 50964 | Vaults:4 | XOM: medium Tmut miscast
 50979 | Vaults:4 | XOM: summons friendly crimson imp
 50985 | Vaults:4 | XOM: cast spell 'Death Channel'
 50992 | Vaults:4 | Reached skill level 5 in Conjurations
 51222 | Vaults:4 | XOM: noise
 51322 | Vaults:4 | XOM: harmless Tloc miscast
 51338 | Vaults:4 | Found Weynutt's Gadget Shop.
 51348 | Vaults:4 | XOM: silly message
 51493 | Vaults:4 | XOM: divination: magic mapping
 51502 | Vaults:4 | XOM: cleaving
 51626 | Vaults:4 | Found a runed door.
 51626 | Vaults:4 | Noticed Ciwnetz's ghost (adept GrEE)
 51695 | Vaults:4 | XOM: scenery: 1 doors close
 51756 | Vaults:4 | XOM: scenery: 2 doors close
 51799 | Vaults:4 | XOM: cleaving
 52141 | Vaults:1 | XOM: scenery: 1 doors open, 2 doors close
 52259 | D:15     | Found a bloodstained altar of Trog.
 52259 | D:15     | Found a glowing golden altar of the Shining One.
 52261 | D:15     | Found a shimmering altar of Xom.
 52341 | D:15     | XOM: polymorph acid dragon -> fire bat
 52375 | D:15     | XOM: enchant monster (good)
 52439 | D:15     | XOM: scenery: 2 doors close
 52588 | D:15     | XOM: scenery: 2 doors open, 1 doors close
 52742 | D:15     | Identified the +6 scale mail of the Monk {Dex+4}
 52809 | D:15     | XOM: cast spell 'Cause Fear'
 52929 | D:15     | XOM: enchant monster (good)
 53145 | D:15     | Upgraded the game from 0.23-a0-408-g9d4b7edeb2 to
                  | 0.23-a0-414-g0aa8dd0f38
 53146 | Depths:1 | Entered Level 1 of the Depths
 53149 | Depths:1 | XOM: noise
 53151 | Depths:1 | XOM: cast spell 'Summon Butterflies'
 53155 | Depths:1 | Reached XP level 20. HP: 108/108 MP: 28/34
 53157 | Depths:1 | Found a gateway to Hell.
 53274 | Depths:1 | XOM: mild Erth miscast
 53326 | Depths:1 | XOM: silly message
 53466 | Depths:1 | XOM: harmless Tmut miscast
 53903 | Depths:1 | Identified the +9 quarterstaff "Oblitug" {crush, Dex+3}
 53949 | Depths:1 | Reached skill level 21 in Dodging
 54057 | Depths:2 | XOM: chaos upgrade
 54067 | Depths:2 | XOM: noise
 54072 | Depths:2 | XOM: give mutation
 54087 | Depths:2 | XOM: confusion
 54094 | Depths:2 | XOM: scenery: create altars
 54097 | Depths:2 | XOM: confuse monster(s)
 54129 | Depths:2 | XOM: fog
 54133 | Depths:2 | XOM: harmless Fire miscast
 54149 | Depths:2 | XOM: potion effect (agility)
 54150 | Depths:2 | XOM: summons 13 friendly demons
 54152 | Depths:2 | XOM: smoke on damage
 54285 | Depths:2 | Found a one-way gate leading to the halls of Pandemonium.
 54453 | Depths:2 | Found a one-way gate to the infinite horrors of the Abyss.
 54617 | Depths:2 | Noticed a golden dragon
 54627 | Depths:2 | XOM: divination: detect items
 54630 | Depths:2 | Killed a golden dragon
 54729 | Depths:2 | XOM: potion effect (heal wounds)
 54748 | Depths:2 | XOM: divination: detect creatures
 54940 | Depths:2 | XOM: god gift: potion of mutation
 54962 | Depths:2 | Found Newurext's Book Emporium.
 55140 | Depths:2 | XOM: cast spell 'Call Canine Familiar'
 55142 | Depths:2 | XOM: enchant monster (good)
 55156 | Depths:2 | XOM: confuse monster(s)
 55166 | Depths:2 | XOM: scenery: create altars
 55668 | Depths:3 | XOM: enchant monster (good)
 55669 | Depths:3 | XOM: blink monster(s)
 55702 | Depths:3 | Reached XP level 21. HP: 115/115 MP: 30/35
 55703 | Depths:3 | Reached skill level 22 in Dodging
 55746 | Depths:3 | XOM: confusion
 55944 | Depths:3 | XOM: cast spell 'Discord'
 55951 | Depths:3 | XOM: scenery: create altars
 55960 | Depths:3 | Found a gateway to a ziggurat.
 56280 | Depths:3 | XOM: polymorph elephant -> cyclops
 56285 | Depths:3 | XOM: summons 9 friendly demons
 56335 | Depths:3 | Noticed a golden dragon
 56346 | Depths:3 | Killed a golden dragon
 56391 | Depths:3 | Identified the cursed +0 war axe of the Lonely Coins
                  | {venom, SInv}
 56428 | Depths:3 | Found a runed gate.
 56428 | Depths:3 | Found a runed gate.
 56428 | Depths:3 | Found a runed gate.
 56558 | Depths:3 | XOM: god gift: 3 curare-tipped needles
 56570 | Depths:3 | Noticed Zoacs's ghost (master GrFi)
 56609 | Depths:3 | XOM: god gift: ration
 56715 | Depths:3 | XOM: polymorph frost giant -> alligator snapping turtle
 56719 | Depths:3 | XOM: divination: detect creatures
 57052 | Depths:3 | XOM: severe Fire miscast
 57180 | Depths:4 | XOM: silly message
 57186 | Depths:4 | Noticed a caustic shrike
 57193 | Depths:4 | Killed a caustic shrike
 57195 | Depths:4 | XOM: summons friendly iron imp
 57356 | Depths:4 | XOM: silly message
 57402 | Depths:4 | XOM: fog
 57492 | Depths:4 | XOM: fake destruction
 57638 | Depths:4 | XOM: silly message
 57702 | Depths:4 | Noticed a caustic shrike
 57720 | Depths:4 | XOM: potion effect (might)
 57722 | Depths:4 | Killed a caustic shrike
 57751 | Depths:4 | Identified the +4 trident of Dullness {vamp, Dex+2}
 57753 | Depths:4 | XOM: divination: detect creatures
 57764 | Depths:4 | Reached XP level 22. HP: 122/122 MP: 36/36
 57864 | Depths:4 | XOM: harmless Chrm miscast
 57905 | Depths:4 | XOM: enchant monster (good)
 57934 | Depths:4 | XOM: 1-stop teleportation journey
 57954 | Depths:4 | XOM: enchant monster (bad)
 58047 | Depths:4 | Found a runed door.
 58047 | Depths:4 | Found a runed door.
 58153 | Depths:4 | Found the +6 shillelagh "Devastator" {shatter}
 58301 | Depths:4 | XOM: harmless Pois miscast
 58393 | Depths:4 | XOM: silly message
 58410 | Depths:5 | Entered Level 5 of the Depths
 58471 | Depths:5 | XOM: mild Pois miscast
 58473 | Depths:5 | XOM: divination: magic mapping
 58479 | Depths:5 | Reached skill level 1 in Translocations
 58496 | Depths:5 | XOM: cleaving
 58497 | Depths:5 | XOM: summons 2 friendly demons
 58561 | Depths:5 | Found a portal to a secret trove of treasure.
 58754 | Depths:5 | XOM: god gift: 42 gold pieces
 58880 | Depths:5 | Noticed a golden dragon
 58890 | Depths:5 | XOM: divination: magic mapping
 58973 | Depths:5 | Noticed a golden dragon
 59006 | Depths:5 | XOM: destruction
 59013 | Depths:5 | Killed a golden dragon
 59018 | Depths:5 | Reached skill level 23 in Dodging
 59063 | Depths:5 | XOM: divination: detect items
 59073 | Depths:5 | XOM: cast spell 'Leda's Liquefaction'
 59092 | Depths:5 | XOM: noise
 59096 | Depths:5 | XOM: cast spell 'Ring of Flames'
 59101 | Depths:5 | XOM: polymorph storm dragon -> emperor scorpion
 59104 | Depths:5 | XOM: enchant monster (good)
 59106 | Depths:5 | XOM: swap monsters
 59112 | Depths:5 | XOM: medium Chrm miscast
 59286 | Depths:5 | XOM: medium Necr miscast
 59293 | Depths:5 | XOM: polymorph ettin -> satyr
 59356 | Depths:5 | Found a runed door.
 59360 | Depths:5 | Found a runed door.
 59386 | Depths:5 | Found a runed door.
 59403 | Depths:5 | Found a runed door.
 59412 | Depths:5 | XOM: summons 3 hostile demons
 59421 | Depths:5 | Killed a golden dragon
 59500 | Depths:5 | XOM: give mutation
 59500 | Depths:5 | Gained mutation: You possess an exceptional clarity of
                  | mind. [Xom's grace]
 59533 | Depths:5 | Found a runed door.
 59544 | Depths:5 | Found a runed door.
 59558 | Depths:5 | Found a gate to the Realm of Zot.
 59684 | Depths:5 | XOM: noise
 59769 | Depths:5 | XOM: harmless Ice miscast
 59877 | Depths:5 | XOM: medium Hex miscast
 60121 | Depths:4 | Voluntarily entered the Abyss.
 60147 | Abyss:1  | XOM: harmless Pois miscast
 60210 | Abyss:1  | XOM: scenery: create altars
 60314 | Abyss:1  | XOM: divination: detect items
 60563 | Abyss:3  | Found a corrupted altar of Lugonu.
 60640 | Abyss:3  | XOM: noise
 60642 | Abyss:3  | XOM: enchant monster (good)
 60676 | Abyss:3  | Found a corrupted altar of Lugonu.
 60727 | Abyss:3  | XOM: confuse monster(s)
 60732 | Abyss:3  | XOM: give mutations
 60732 | Abyss:3  | Lost mutation: You can translocate small distances at will.
                  | [Xom's mischief]
 60732 | Abyss:3  | Lost mutation: Your body sometimes deteriorates upon taking
                  | damage. [Xom's mischief]
 60732 | Abyss:3  | Lost mutation: You are somewhat resistant to further
                  | mutation. [Xom's mischief]
 60902 | Abyss:3  | Reached skill level 5 in Necromancy
 60933 | Abyss:3  | Reached skill level 10 in Stealth
 60933 | Abyss:3  | XOM: blink monster(s)
 60949 | Abyss:3  | XOM: harmless Erth miscast
 61016 | Abyss:3  | XOM: enchant monster (bad)
 61035 | Abyss:3  | Reached XP level 23. HP: 127/127 MP: 37/37
 61075 | Abyss:3  | XOM: blink monster(s)
 61123 | Abyss:3  | XOM: harmless Tmut miscast
 61165 | Abyss:3  | XOM: enchant monster (bad)
 61220 | Abyss:3  | XOM: enchant monster (good)
 61324 | Abyss:3  | XOM: enchant monster (bad)
 61333 | Abyss:3  | XOM: harmless Chrm miscast
 61338 | Abyss:3  | XOM: mild Air miscast
 61346 | Abyss:3  | XOM: noise
 61396 | Abyss:3  | XOM: swap monsters
 61526 | Abyss:3  | XOM: give mutations
 61526 | Abyss:3  | Lost mutation: You are very agile. (Dex +4) [Xom's
                  | mischief]
 61526 | Abyss:3  | Lost mutation: You are highly resistant to hostile
                  | enchantments. (MR++) [Xom's mischief]
 61526 | Abyss:3  | Lost mutation: You expend magic power (3 MP) to strengthen
                  | your wands. [Xom's mischief]
 61532 | Abyss:3  | XOM: divination: detect items
 61622 | Abyss:3  | XOM: enchant monster (good)
 61630 | Abyss:3  | XOM: cast spell 'Metabolic Englaciation'
 61632 | Abyss:3  | XOM: noise
 61678 | Abyss:3  | Learned a level 5 spell: Borgnjor's Vile Clutch
 61765 | Abyss:3  | Lost mutation: Your spells are a little harder to cast, but
                  | a little more powerful. [a neqoxec]
 61813 | Abyss:3  | XOM: cast spell 'Dispersal'
 61837 | Abyss:3  | XOM: silly message
 61843 | Abyss:3  | XOM: confuse monster(s)
 61848 | Abyss:3  | XOM: summons 12 friendly demons
 61858 | Abyss:3  | XOM: divine lightning
 61862 | Abyss:3  | Noticed an ancient lich
 61870 | Abyss:3  | XOM: enchant monster (good)
 61872 | Abyss:3  | Got an abyssal rune of Zot
 61876 | Abyss:3  | XOM: harmless Conj miscast
 61889 | Depths:4 | Escaped the Abyss
 62143 | Zot:1    | Entered Level 1 of the Realm of Zot
 62180 | Zot:2    | XOM: swap monsters
 62186 | Zot:2    | XOM: enchant monster (good)
 62188 | Zot:2    | Noticed a Killer Klown
 62575 | Zot:1    | XOM: swap monsters
 62586 | Zot:1    | Reached skill level 24 in Dodging
 62589 | Zot:1    | XOM: mild Air miscast
 62594 | Zot:1    | XOM: noise
 62601 | Zot:1    | XOM: harmless Hex miscast
 63008 | Zot:1    | XOM: destruction
 63176 | Zot:1    | Noticed a caustic shrike
 63176 | Zot:1    | a golden dragon changed into a caustic shrike
 63176 | Zot:1    | XOM: polymorph golden dragon -> caustic shrike
 63179 | Zot:1    | Killed a caustic shrike
 63237 | Zot:1    | Killed a Killer Klown
 63271 | Zot:2    | XOM: mild Chrm miscast
 63332 | Zot:1    | XOM: summons friendly ufetubus
 63347 | Zot:2    | Found a shimmering altar of Xom.
 63351 | Zot:2    | XOM: confuse monster(s)
 63356 | Zot:2    | XOM: polymorph tentacled monstrosity -> hellephant
 63370 | Zot:2    | Reached XP level 24. HP: 134/134 MP: 33/37
 63398 | Zot:2    | XOM: 1-stop teleportation journey
 63704 | Zot:2    | XOM: chaos upgrade
 63715 | Zot:2    | XOM: harmless Summ miscast
 63951 | Zot:3    | XOM: harmless Necr miscast
 63982 | Zot:2    | XOM: silly message
 64078 | Zot:3    | Learned a level 2 spell: Swiftness
 64081 | Zot:3    | Learned a level 2 spell: Blink
 64205 | Zot:3    | Learned a level 4 spell: Animate Dead
 64222 | Zot:3    | XOM: divination: detect items
 64225 | Zot:3    | XOM: mild Erth miscast
 64232 | Zot:3    | Reached skill level 10 in Necromancy
 64236 | Zot:3    | XOM: blink monster(s)
 64269 | Zot:3    | XOM: enchant monster (good)
 64325 | Zot:3    | Learned a level 1 spell: Summon Butterflies
 64328 | Zot:3    | Identified the +2 dagger of Reinforcement {pain, *Contam
                  | rF++ Str+6}
 64709 | Zot:3    | XOM: confuse monster(s)
 64838 | Zot:3    | XOM: potion effect (haste)
 64843 | Zot:3    | XOM: confuse monster(s)
 65228 | Zot:4    | XOM: stealth player
 65363 | Zot:4    | XOM: polymorph red draconian -> minotaur
 65388 | Zot:4    | XOM: scenery: create altars
 65414 | Zot:4    | XOM: polymorph moth of wrath -> yaktaur
 65442 | Zot:4    | XOM: confuse monster(s)
 65448 | Zot:4    | XOM: destruction
 65463 | Zot:4    | XOM: confuse monster(s)
 65549 | Zot:4    | XOM: give mutations
 65549 | Zot:4    | Gained mutation: Your mind is acute. (Int +2) [Xom's grace]
 65549 | Zot:4    | Gained mutation: You expend magic power (3 MP) to
                  | strengthen your wands. [Xom's grace]
 65549 | Zot:4    | Gained mutation: Your spells are a little harder to cast,
                  | but a little more powerful. [Xom's grace]
 65876 | Zot:4    | Reached XP level 25. HP: 140/140 MP: 37/37
 65890 | Zot:4    | XOM: polymorph black draconian annihilator -> stone giant
 65983 | Zot:4    | XOM: summons friendly quasit
 65996 | Zot:4    | XOM: divine lightning
 65997 | Zot:4    | XOM: destruction
 66009 | Zot:4    | XOM: swap monsters
 66009 | Zot:4    | HP: 6/140 [purple draconian/+0 morningstar (17)]
 66022 | Zot:4    | XOM: mild Air miscast
 66024 | Zot:4    | XOM: polymorph purple draconian -> storm dragon
 66033 | Zot:4    | XOM: noise
 66044 | Zot:4    | XOM: harmless Air miscast
 66062 | Zot:4    | XOM: enchant monster (good)
 66486 | Zot:4    | XOM: harmless Erth miscast
 66609 | Zot:5    | Entered Level 5 of the Realm of Zot
 66865 | Zot:5    | XOM: scenery: 1 doors close
 66894 | Zot:5    | XOM: summons friendly shadow imp
 66907 | Zot:5    | XOM: harmless Air miscast
 66910 | Zot:5    | XOM: confuse monster(s)
 66925 | Zot:5    | XOM: divination: detect creatures
 66928 | Zot:5    | XOM: cast spell 'Olgreb's Toxic Radiance'
 66929 | Zot:5    | XOM: silly message
 67169 | Zot:5    | Reached skill level 25 in Dodging
 67177 | Zot:5    | XOM: harmless Conj miscast
 67206 | Zot:5    | XOM: divination: detect creatures
 67212 | Zot:5    | XOM: harmless Ice miscast
 67322 | Zot:5    | Noticed an orb of fire
 67337 | Zot:5    | Killed an orb of fire
 67425 | Zot:5    | XOM: harmless Pois miscast
 67426 | Zot:5    | XOM: divination: detect creatures
 67587 | Zot:5    | Noticed an ancient lich
 67604 | Zot:5    | Killed an ancient lich
 67606 | Zot:5    | XOM: potion effect (experience)
 67606 | Zot:5    | Reached XP level 26. HP: 147/147 MP: 33/37
 67614 | Zot:5    | XOM: divination: detect creatures
 67680 | Zot:5    | XOM: smoke on damage
 67711 | Zot:5    | XOM: potion effect (might)
 67722 | Zot:5    | Noticed an ancient lich
 67725 | Zot:5    | Killed an ancient lich
 67736 | Zot:5    | XOM: cast spell 'Leda's Liquefaction'
 67736 | Zot:5    | Noticed an ancient lich
 67738 | Zot:5    | Noticed an orb of fire
 67743 | Zot:5    | XOM: cleaving
 67746 | Zot:5    | Killed an ancient lich
 67746 | Zot:5    | Reached XP level 27. HP: 126/151 MP: 26/37
 67755 | Zot:5    | Killed an orb of fire
 67977 | Zot:5    | Noticed an ancient lich
 67983 | Zot:5    | Killed an ancient lich
 67992 | Zot:5    | XOM: scenery: create altars
 68012 | Zot:5    | Reached skill level 26 in Dodging
 68094 | Zot:5    | XOM: confuse monster(s)
 68104 | Zot:5    | XOM: cast spell 'Statue Form'
 68112 | Zot:5    | Noticed an orb of fire
 68113 | Zot:5    | Noticed an orb of fire
 68124 | Zot:5    | Killed an orb of fire
 68129 | Zot:5    | Killed an orb of fire
 68223 | Zot:5    | XOM: give mutations
 68223 | Zot:5    | Gained mutation: Your spells are harder to cast, but more
                  | powerful. [Xom's grace]
 68223 | Zot:5    | Gained mutation: You have a pair of small antennae on your
                  | head. [Xom's grace]
 68223 | Zot:5    | Gained mutation: You are very robust. (+20% HP) [Xom's
                  | grace]
 68250 | Zot:5    | XOM: cast spell 'Summon Butterflies'
 68274 | Zot:5    | XOM: 1-stop teleportation journey
 68274 | Zot:5    | Noticed an orb of fire
 68279 | Zot:5    | XOM: confuse monster(s)
 68287 | Zot:5    | Gained mutation: You occasionally shout uncontrollably at
                  | your foes. [an orb of fire]
 68288 | Zot:5    | XOM: potion effect (agility)
 68289 | Zot:5    | Killed an orb of fire
 68314 | Zot:5    | XOM: divination: detect creatures
 68356 | Zot:5    | XOM: enchant monster (good)
 68561 | Zot:5    | XOM: give mutations
 68561 | Zot:5    | Lost mutation: You have a somewhat thin skeletal structure.
                  | (Dex +2, Stealth) [Xom's mischief]
 68561 | Zot:5    | Lost mutation: You have a pair of small antennae on your
                  | head. [Xom's mischief]
 68561 | Zot:5    | Lost mutation: You are agile. (Dex +2) [Xom's mischief]
 68586 | Zot:5    | XOM: cast spell 'Statue Form'
 68589 | Zot:5    | XOM: confuse monster(s)
 68754 | Zot:5    | XOM: god gift: staff of cold {god gift}
 68869 | Zot:5    | Got the Orb of Zot
 69096 | Depths:2 | XOM: fog
 69232 | D:11     | XOM: scenery: 2 doors close
 69414 | D:4      | Lost mutation: You are very robust. (+20% HP) [a neqoxec]
 69481 | D:2      | Killed Robin
 69520 | D:1      | gg
 69521 | D:$      | Escaped with the Orb!

Vault maps used:
D:1:      minmay_arrival_four_loops, st_stairs_10
D:2:      old_standard_altar, uniq_robin
D:3:      nicolae_ru_great_annihilating_truth, grunt_qazlal_sundering,
          uniq_jessica
D:4:      lemuel_coloured_pillars_altar, portal_sewer_entry_d, first_ration,
          ebering_ghost_rock_garden, chequers_serial_rivers_marsh,
          glass_columns_b, grunt_tough_drop
D:5:      minmay_temple_entry_from_below_a, serial_shops, shop
D:6:      kennysheep_windowed_halls, roderic_filled_cross, uniq_pikel
D:7:      kennysheep_little_box, nicolae_overflow_hidden_temple,
          kennysheep_crisscross, uniq_duvessa, uniq_joseph
D:8:      lemuel_doored_altar, nicolae_ossuary_entry_giza, the_bakery,
          nicolae_elemental_shop
D:9:      marbit_many_paths, corexii_corridor_pit
D:10:     lair_entry_dummy, gammafunk_ghost_nasty_kobolds, serial_shops, shop
D:12:     kennysheep_orc_monster_closet_entryway
D:13:     david_vaults_2, serial_shops, shop_fountains
D:14:     serial_curves, eino_curves_01, eino_curves_03, uniq_louise
D:15:     hangedman_slaughterboxes, serial_shops
Lair:1:   grunt_megastairs_5
Lair:2:   dummy_snake_entry, chequers_serial_rivers_marsh, uniq_fannar,
          uniq_sonja
Lair:3:   gammafunk_mikee_crab_dinner, lab_entry_generic,
          infiniplex_staircase_pool
Lair:4:   swamp_mist_pool, gammafunk_ghost_split
Lair:6:   minmay_lair_end_frog_pond, minmay_slime_entry_oklob_open,
          ebering_ghost_inner_flame, kennysheep_basilisk_garden,
          lemuel_fruit_fields
Swamp:1:  ebering_ghost_disaster_area, hangedman_swamp_ruin_wall
Swamp:2:  portal_ice_cave_entry_pillars_four, nicolae_swamp_dense_foliage
Swamp:3:  evilmike_swamp_ruin_rubble_2
Swamp:4:  swamp_pestilence, uniq_roxanne
Snake:1:  special_room, serial_bayou_shore_a, uniq_frances, uniq_rupert
Snake:2:  serial_bayou_shore_b, uniq_vashnia
Snake:3:  basic_altar, uniq_asterion
Snake:4:  snake_pit, grunt_megastairs_2
Orc:1:    uniq_snorg, uniq_josephine
Orc:2:    st_orc_town, uniq_urug
Vaults:1: v_rooms_1, vaults_room_stairs_pillars, nicolae_vaults_what_the_h,
          hangedman_vaults_river_flow, v_rooms_2, serial_shops, shop
Vaults:2: ebering_vaults_ghost_reflecting_pool, nicolae_vaults_big_angled_halls,
          v_misc_14, minmay_crypt_entry_nasty_monster,
          hangedman_vaults_corner_blocks, v_misc_22, grunt_vaults_hallway_long,
          v_pattern_3, v_misc_11, vaults_room_fours,
          nicolae_vaults_specimen_jars, sword_in_stone,
          nicolae_vaults_border_crossing, nicolae_vaults_alarming,
          vaults_room_semicircle, ontoclasm_vaults_shuriken,
          vaults_standard_mumra_enter_the_diamond, serial_shops,
          nicolae_shop_behind_doors
Vaults:3: grunt_vaults_diagonal, nicolae_vaults_network_quincunx, v_pattern_4,
          ontoclasm_vaults_hangar, grunt_tower_of_power,
          nicolae_vaults_network_square, ontoclasm_vaults_ring_square, v_misc_9,
          nicolae_vaults_sealed_display, v_misc_11, serial_ice_g,
          nicolae_vaults_circle_grid_a, uniq_margery
Vaults:4: ebering_vaults_ghost_inner_flame, hangedman_vaults_restitches,
          v_pattern_5, vaults_dpeg_hooks, nicolae_vaults_rhombus_6, v_misc_25,
          vaults_room_door_ring, nicolae_vaults_mini_display_case,
          nicolae_vaults_back_hallway, v_misc_13, nicolae_vaults_triangles,
          hangedman_vaults_stitches, vaults_room_door_ring, v_misc_16,
          nicolae_vaults_ring_of_whatevers, nicolae_vaults_ring_of_whatevers,
          nicolae_vaults_murderbox, serial_shops, nicolae_shop_stone
Depths:1: grunt_decor_arrowhead, hangedman_coc_ice_floe, horrible_house_mu,
          serial_bayou_shore_b, grunt_megastairs_1, uniq_sojobo
Depths:2: minmay_three_patterns, abyss_entry, hell_entry,
          rand_demon_pan_entry_3, kennysheep_small_square
Depths:3: evilmike_diamond_1, enter_ziggurat_d, grunt_pan_entry_spiral,
          hell_entry, gammafunk_ghost_icy, chequers_serial_rivers_micro_c,
          lemuel_flamethrower_3, minmay_staircase_windowed_large,
          serial_bayou_shore_b
Depths:4: minmay_the_grid_four_pointed_star, pf_dread_powers_of_hell,
          serial_bayou_pond_a, special_room, abyss_entry
Depths:5: evilmike_zot_entry_castle, nicolae_trove_entry_columns,
          pf_hell_entry_tar_spiral
Zot:2:    basic_altar
Zot:4:    cheibrodos_zot_enchanting_chambers, lemuel_elevator
Zot:5:    hangedman_zot_decor_unnerving_road, grunt_ministairs_7
Abyss:3:  due_evilmike_abyss_rune_seething_liches
Sewer:    sewer_co_purgy_island
Ossuary:  ossuary_due_mausoleum
IceCv:    ice_cave_statue_garden_chambered

Skill      XL: |  1  2  3  4  5  6  7  8  9 10 11 12 13 14 15 16 17 18 19 20 21 22 23 24 25 26 27 |
---------------+----------------------------------------------------------------------------------+-----
Unarmed Combat | 4 5 6 8 10 11 12 15 16 17 18 19 20 21 22 23 24 | 24.2
Evocations     | 1 2 4 5 8 6 |  8.0
Dodging        | 4 5 6 8 10 11 15 16 17 18 20 21 22 23 24 25 26 | 26.8
Fighting       | 4 5 6 8 10 13 12 14 15 16 17 18 19 20 21 22 23 | 23.1
Transmutations | 5 10 14 15 16 17 | 17.0
Spellcasting   | 4 5 7 9 |  9.0
Stealth        | 5 8 10 13 | 13.0
Conjurations   | 4 3 6 |  6.0
Earth Magic    | 5 7 8 10 11 13 | 13.0
Hexes          | 7 8 |  8.0
Charms         | 3 |  3.0
Necromancy     | 3 5 8 10 | 10.0
Translocations | 3 |  3.0

Action                   |  1- 3 |  4- 6 |  7- 9 | 10-12 | 13-15 | 16-18 | 19-21 | 22-24 | 25-27 || total
-------------------------+-------+-------+-------+-------+-------+-------+-------+-------+-------++-------
Melee: Unarmed           |    96 |   104 |   396 |  1073 |  1240 |   878 |  1187 |  1239 |   544 ||  6757
       Punch             |     2 |       |    20 |    68 |   110 |    85 |   157 |   170 |    74 ||   686
       Bite              |     6 |     7 |    58 |   140 |   137 |   114 |   175 |   169 |    87 ||   893
       Headbutt          |     3 |    18 |    76 |   216 |     4 |    56 |       |       |       ||   373
       Tailslap          |       |       |       |    11 |   163 |    22 |    25 |     7 |    17 ||   245
 Cast: Spider Form       |       |       |       |    12 |     1 |     2 |       |       |       ||    15
       Dragon Form       |       |       |       |     8 |   124 |    12 |    11 |     9 |    10 ||   174
       Statue Form       |       |       |       |       |    10 |    71 |    71 |    85 |    29 ||   266
       Irradiate         |       |       |       |       |     7 |     7 |     5 |     8 |     4 ||    31
       Regeneration      |       |       |       |       |       |    32 |    34 |    64 |    28 ||   158
       Confusing Touch   |       |       |       |       |       |     2 |     4 |     1 |       ||     7
       Apportation       |       |       |       |       |       |     2 |       |    10 |     4 ||    16
       Borgnjor's Vile C |       |       |       |       |       |       |       |     7 |     3 ||    10
       Animate Dead      |       |       |       |       |       |       |       |     8 |    12 ||    20
       Blink             |       |       |       |       |       |       |       |       |     2 ||     2
       Summon Butterflie |       |       |       |       |       |       |       |       |     1 ||     1
 Abil: End Transformatio |       |       |       |     5 |     6 |     4 |     4 |    10 |    12 ||    41
       Breathe Fire      |       |       |       |       |    34 |       |       |       |       ||    34
       Blink             |       |       |       |       |     3 |       |       |       |       ||     3
Evoke: Wand              |       |     2 |    10 |    22 |    11 |     1 |     1 |     3 |     1 ||    51
       Box of beasts     |       |       |       |     1 |       |       |       |       |       ||     1
  Use: Scroll            |     4 |     3 |    13 |    19 |    10 |    10 |     6 |    11 |     4 ||    80
       Potion            |       |     1 |     1 |     7 |     3 |     2 |     6 |     5 |     7 ||    32
 Stab: Sleeping          |     5 |     7 |     6 |    19 |    24 |    13 |    19 |     7 |       ||   100
       Paralysed         |     1 |    11 |     1 |     2 |     5 |     1 |     1 |       |       ||    22
       Distracted        |     1 |       |     1 |     4 |    10 |       |     9 |    12 |     5 ||    42
       Petrified         |       |       |     6 |     3 |       |       |       |     1 |       ||    10
       Confused          |       |       |     4 |     5 |    14 |    12 |     6 |     6 |     4 ||    51
       Invisible         |       |       |       |    10 |     1 |       |       |       |       ||    11
       Betrayed ally     |       |       |       |       |       |       |       |     1 |       ||     1
       Petrifying        |       |       |       |       |       |       |       |       |     1 ||     1
  Eat: Chunk             |     9 |     2 |    12 |    37 |   127 |    57 |    55 |    63 |    20 ||   382
       Ration            |       |       |       |       |     9 |     4 |       |     4 |     2 ||    19
Armor: Skin              |     8 |     6 |    28 |    40 |   418 |   159 |   257 |   240 |    88 ||  1244
Dodge: Dodged            |    56 |    67 |   351 |   902 |  1120 |  1083 |  1646 |  1823 |   648 ||  7696
Block: Other             |       |       |       |       |    68 |   421 |   560 |   487 |   191 ||  1727
       Reflection        |       |       |       |       |    16 |    72 |    30 |    20 |     1 ||   139

Table legend:
 A = Non-vault XP
 B = Vault XP
 C = Vault XP percentage of total XP
 D = Non-vault monster count
 E = Vault monster count
 F = Vault count percentage of total count
                 A         B        C        D         E       F
            +---------+---------+-------+---------+---------+-------
      Total |  862223 |  694768 |  44.6 |    1466 |     827 |  36.1
            +---------+---------+-------+---------+---------+-------
        D:1 |      17 |       3 |  15.0 |       9 |       2 |  18.2
        D:2 |      62 |      37 |  37.4 |      23 |      13 |  36.1
        D:3 |      49 |      43 |  46.7 |      17 |       5 |  22.7
        D:4 |     129 |     433 |  77.0 |       7 |       2 |  22.2
        D:5 |     937 |       0 |   0.0 |      40 |       0 |   0.0
        D:6 |     820 |    1233 |  60.1 |      17 |      15 |  46.9
        D:7 |     964 |     574 |  37.3 |      25 |       3 |  10.7
        D:8 |    1525 |     235 |  13.4 |      31 |       4 |  11.4
        D:9 |    3107 |      40 |   1.3 |      38 |       1 |   2.6
       D:10 |    2768 |       0 |   0.0 |      22 |       0 |   0.0
       D:11 |    5850 |       0 |   0.0 |      26 |       0 |   0.0
       D:12 |    5729 |    1743 |  23.3 |      29 |      20 |  40.8
       D:13 |    9033 |    2160 |  19.3 |      22 |       5 |  18.5
       D:14 |    6371 |    3918 |  38.1 |      31 |       5 |  13.9
       D:15 |       0 |   45388 | 100.0 |       0 |      80 | 100.0
     Lair:1 |    1635 |       0 |   0.0 |       7 |       0 |   0.0
     Lair:2 |    2864 |    1822 |  38.9 |      16 |       2 |  11.1
     Lair:3 |    2628 |   11635 |  81.6 |      11 |      13 |  54.2
     Lair:4 |    4297 |    2669 |  38.3 |      22 |       7 |  24.1
     Lair:5 |    6646 |    3512 |  34.6 |      26 |      14 |  35.0
     Lair:6 |    4775 |   11291 |  70.3 |      15 |      41 |  73.2
    Swamp:1 |   11786 |       0 |   0.0 |      26 |       0 |   0.0
    Swamp:2 |   15832 |       0 |   0.0 |      35 |       0 |   0.0
    Swamp:3 |   15006 |       0 |   0.0 |      36 |       0 |   0.0
    Swamp:4 |   10895 |   15261 |  58.3 |      21 |      45 |  68.2
    Snake:1 |   20192 |    4805 |  19.2 |      41 |       2 |   4.7
    Snake:2 |   12167 |    7979 |  39.6 |      25 |       5 |  16.7
    Snake:3 |   19861 |    5766 |  22.5 |      37 |       7 |  15.9
    Snake:4 |    7036 |   34972 |  83.3 |      14 |      47 |  77.0
      Orc:1 |    2125 |    1101 |  34.1 |      23 |       1 |   4.2
      Orc:2 |    1662 |   10715 |  86.6 |      12 |      62 |  83.8
   Vaults:1 |   31379 |   14401 |  31.5 |      71 |      31 |  30.4
   Vaults:2 |    9420 |   41851 |  81.6 |      13 |      35 |  72.9
   Vaults:3 |   18905 |   38075 |  66.8 |      26 |      41 |  61.2
   Vaults:4 |   44297 |   25339 |  36.4 |      81 |      35 |  30.2
   Depths:1 |   16065 |   10000 |  38.4 |      24 |      14 |  36.8
   Depths:2 |   43696 |   31111 |  41.6 |      57 |      22 |  27.8
   Depths:3 |   31999 |   36907 |  53.6 |      42 |      40 |  48.8
   Depths:4 |   45503 |   42633 |  48.4 |      59 |      35 |  37.2
   Depths:5 |   24025 |   46886 |  66.1 |      23 |      30 |  56.6
      Zot:1 |   60641 |       0 |   0.0 |      38 |       0 |   0.0
      Zot:2 |   33833 |       0 |   0.0 |      25 |       0 |   0.0
      Zot:3 |   72243 |       0 |   0.0 |      38 |       0 |   0.0
      Zot:4 |   59065 |   47021 |  44.3 |      36 |      31 |  46.3
      Zot:5 |   88808 |  173057 |  66.1 |      54 |      44 |  44.9
    Abyss:1 |    7860 |       0 |   0.0 |      17 |       0 |   0.0
    Abyss:3 |   97716 |   12214 |  11.1 |     158 |      13 |   7.6
      Sewer |       0 |     284 | 100.0 |       0 |       6 | 100.0
    Ossuary |       0 |     267 | 100.0 |       0 |      27 | 100.0
      IceCv |       0 |    7387 | 100.0 |       0 |      22 | 100.0
            +---------+---------+-------+---------+---------+-------
